 Dungeon Crawl Stone Soup version 0.32-a0-128-g77eb882913 (webtiles) character file.

Game seed: 9691781682712203954

1673195 EnegeticOcto the Tengu Porcupine (level 27, 182/182 HPs)
             Began as a Tengu Chaos Knight on Feb 8, 2024.
             Was a Favourite Plaything of Xom.
             Escaped with the Orb
             ... and 3 runes!
             The game lasted 02:04:37 (68123 turns).

EnegeticOcto the Tengu Porcupine (TeCK)            Turns: 68123, Time: 02:04:38

Health: 182/182    AC: 44    Str: 20      XL:     27
Magic:  52/52      EV: 30    Int: 11      God:    Xom [...*..]
Gold:   7669       SH: 20    Dex: 23 (24) Spells: 51/56 levels left

rFire   + + .        b - +9 demon trident (vamp)
rCold   + . .        U - +5 Storm Queen's Shield {shock, Fly rElec}
rNeg    . . .        X - +12 gold dragon scales
rPois   +            E - +1 hat of Togudd {Fly rElec rF+ MP+9 Int-4}
rElec   +            K - +2 cloak {Will+}
rCorr   .            g - +2 pair of gloves {hurl}
SInv    .            (boots unavailable)
Will    +++++        T - amulet of the Moon {Spirit Will++ Str+2 Stlth-} Stlth
                     w - +5 ring of evasion
HPRegen 0.50/turn    S - +5 ring of evasion
MPRegen 0.33/turn

%: acrobat, guardian spirit
@: flying, studying 2 skills
A: beak, talons 3, evasive flight, acrobatic, agile 1, clever 1, sense
surroundings 1, subdued magic 1, sturdy frame 1
0: Orb of Zot
}: 3/15 runes: decaying, silver, gossamer
a: Renounce Religion


You escaped.
You worshipped Xom.
You were a favourite toy of Xom.
You visited 9 branches of the dungeon, and saw 47 of its levels.
You also visited: Trove, Sewer, Ice Cave, Volcano and Wizlab.

You collected 10852 gold pieces.
You spent 3183 gold pieces at shops.

Inventory:

Hand Weapons
 b - a +9 vampiric demon trident (weapon)
   (You took it off a red devil on level 5 of the Lair of Beasts)
 A - a +0 dagger of distortion
   (You found it on level 2 of the Orcish Mines)
Missiles
 j - 2 silver javelins
 q - 19 javelins
 I - 34 curare-tipped darts
 J - 20 boomerangs (quivered)
 V - 6 throwing nets {!f}
Armour
 g - a +2 pair of gloves of hurling (worn)
   (You found it on level 3 of the Elven Halls)
 E - the +1 hat of Togudd (worn) {Fly rElec rF+ MP+9 Int-4}
   (You acquired it in a wizard's laboratory)

   Int-4:     It affects your intelligence (-4).
   rF+:       It protects you from fire.
   rElec:     It insulates you from electricity.
   MP+9:      It affects your magic capacity (+9).
   Fly:       It grants you flight.
 K - a +2 cloak of willpower (worn)
   (You found it on level 4 of the Vaults)
 U - the +5 Storm Queen's Shield (worn) {shock, Fly rElec}
   (You found it in a treasure trove)

   Shock:     When it blocks an attack, it may electrocute the attacker.
   This works even against foes who are a short distance away.
   rElec:     It insulates you from electricity.
   Fly:       It grants you flight.
 X - +12 gold dragon scales (worn)
   (You found it on level 4 of the Depths)
Jewellery
 d - the ring of Miriufyu {Wiz rF+ Stlth+}
   (You found it in a treasure trove)

   [ring of wizardry]

   Wiz:       It improves your spell success rate.
   rF+:       It protects you from fire.
   Stlth+:    It makes you more stealthy.
 f - the ring "Nammaruv" {rPois rC++ rN+ Str-2}
   (You took it off an ironbound convoker on level 5 of the Vaults)

   [ring of poison resistance]

   Str-2:     It affects your strength (-2).
   rC++:      It greatly protects you from cold.
   rPois:     It protects you from poison rN+: It protects you from negative
   energy.
 w - a +5 ring of evasion (left hand)
   (You bought it in a shop on level 15 of the Dungeon)
 G - a ring of willpower
   (You bought it in a shop on level 15 of the Dungeon)
 S - a +5 ring of evasion (right hand)
   (You took it off a vault guard on level 5 of the Vaults)
 T - the amulet of the Moon (around neck) {Spirit Will++ Str+2 Stlth-}
   (You found it on level 1 of the Realm of Zot)

   [amulet of guardian spirit]

   Spirit:    It causes incoming damage to be divided between your reserves of
   health and magic.
   Str+2:     It affects your strength (+2).
   Will++:    It greatly increases your willpower.
   Stlth-:    It makes you less stealthy.
Wands
 L - a wand of digging (57) {@v3}
   (You found it on level 11 of the Dungeon)
 M - a wand of light (31) {@v1}
   (You found it on level 8 of the Dungeon)
 O - a wand of iceblast (47) {@v2}
   (You took it off a wight on level 8 of the Dungeon)
 Q - a wand of paralysis (22)
   (You found it on level 9 of the Dungeon)
 W - a wand of polymorph (19)
   (You found it on level 2 of the Lair of Beasts)
Scrolls
 a - 2 scrolls of fear {!r}
 c - 10 scrolls of poison {!r}
 k - 5 scrolls of butterflies {!r}
 m - 2 scrolls of revelation {@r5 !r}
 s - 5 scrolls of blinking {@r4}
 v - 3 scrolls of immolation
 y - 13 scrolls of teleportation {@r3 !r}
 C - 4 scrolls of vulnerability
 D - 7 scrolls of fog {!r}
 R - a scroll of silence {!r}
Potions
 e - 16 potions of heal wounds {@q2 !q}
 h - 6 potions of lignification {@q6}
 i - 6 potions of mutation
 l - 6 potions of enlightenment
 o - 5 potions of resistance
 r - 20 potions of ambrosia
 t - 3 potions of cancellation
 u - 6 potions of attraction
 x - 27 potions of curing {@q1 !q}
 z - 7 potions of magic
 F - 5 potions of haste {@q4 !q}
 H - 11 potions of might {@q3 !q}
 N - 2 potions of invisibility
 Z - a potion of berserk rage
Miscellaneous
 n - a lightning rod (4/4)
   (You found it on level 11 of the Dungeon)
 p - a phantom mirror
   (You found it on level 5 of the Lair of Beasts)
 B - a sack of spiders
   (You found it on level 2 of the Orcish Mines)
 P - a phial of floods
   (You found it on level 8 of the Dungeon)
 Y - a tin of tremorstones (1/2)
   (You found it on level 3 of the Lair of Beasts)


   Skills:
 + Level 21.1 Fighting
 - Level 6.0 Short Blades
 O Level 27 Polearms
 - Level 16.0 Throwing
 + Level 21.3 Armour
 + Level 19.1 Dodging
 - Level 3.0 Stealth
 - Level 15.0 Shields
 + Level 15.4 Spellcasting
 - Level 7.0 Evocations


You had 51 spell levels left.
You knew the following spells:

 Your Spells              Type           Power      Damage    Failure   Level
p - Passwall              Erth           6%         N/A       99%         3
Y - Blink                 Tloc           12%        N/A       92%         2

Your spell library contained the following spells:

 Spells                   Type           Power      Damage    Failure   Level
 Freeze                   Ice            24%        1d4       82%         1
 Kiss of Death            Conj/Necr      24%        2d7       82%         1
 Magic Dart               Conj           24%        1d4       82%         1
 Sandblast                Erth           12%        2d6       82%         1
 Shock                    Conj/Air       24%        1d4       82%         1
 Sting                    Conj/Alch      24%        1d4       82%         1
 Call Imp                 Summ           12%        N/A       92%         2
 Cigotuvi's Dreadful Rot  Necr/Alch/Air  12%        N/A       92%         2
 Ensorcelled Hibernation  Hex/Ice        12%        N/A       92%         2
 Jinxbite                 Hex            12%        N/A       92%         2
 Lesser Beckoning         Tloc           12%        N/A       92%         2
 Mercury Vapours          Alch/Air       12%        N/A       92%         2
 Momentum Strike          Conj/Tloc      12%        3d8       92%         2
 Scorch                   Fire           12%        2d5       92%         2
 Searing Ray              Conj           12%        2d4       92%         2
 Static Discharge         Conj/Air       12%        3-4/arc   92%         2
 Sublimation of Blood     Necr           6%         N/A       92%         2
 Call Canine Familiar     Summ           6%         N/A       99%         3
 Confusing Touch          Hex            6%         N/A       99%         3
 Dazzling Flash           Conj/Hex       12%        N/A       99%         3
 Frozen Ramparts          Ice            12%        1d2       99%         3
 Fugue of the Fallen      Necr           6%         N/A       99%         3
 Gell's Gravitas          Tloc           6%         N/A       99%         3
 Hailstorm                Conj/Ice       6%         3d5       99%         3
 Inner Flame              Hex/Fire       6%         N/A       99%         3
 Mephitic Cloud           Conj/Alch/Air  6%         N/A       99%         3
 Ozocubu's Armour         Ice            6%         N/A       99%         3
 Sigil of Binding         Hex            6%         N/A       99%         3
 Stone Arrow              Conj/Erth      12%        3d7       99%         3
 Summon Ice Beast         Ice/Summ       6%         N/A       99%         3
 Swiftness                Air            6%         N/A       99%         3
 Teleport Other           Tloc           6%         N/A       99%         3
 Tukima's Dance           Hex            6%         N/A       99%         3
 Volatile Blastmotes      Fire/Tloc      12%        2d11      99%         3
 Airstrike                Air            3%         2d(1-17)  100%        4
 Anguish                  Hex/Necr       3%         N/A       100%        4
 Animate Dead             Necr           6%         N/A       100%        4
 Brom's Barrelling Bould  Conj/Erth      6%         2d3       100%        4
 Dimensional Bullseye     Hex/Tloc       3%         N/A       100%        4
 Dispel Undead            Necr           6%         3d8       100%        4
 Flame Wave               Conj/Fire      6%         2d5       100%        4
 Fulminant Prism          Conj/Alch      3%         3d5       100%        4
 Ignite Poison            Fire/Alch      6%         N/A       100%        4
 Leda's Liquefaction      Alch/Erth      3%         N/A       100%        4
 Manifold Assault         Tloc           6%         N/A       100%        4
 Martyr's Knell           Necr/Summ      6%         N/A       100%        4
 Passage of Golubria      Tloc           6%         N/A       100%        4
 Sticky Flame             Fire/Alch      6%         2d4       100%        4
 Summon Blazeheart Golem  Fire/Summ      6%         N/A       100%        4
 Summon Lightning Spire   Summ/Air       6%         N/A       100%        4
 Vhi's Electric Charge    Tloc/Air       12%        N/A       100%        4
 Arcjolt                  Conj/Air       3%         1d13      100%        5
 Borgnjor's Vile Clutch   Necr/Erth      3%         N/A       100%        5
 Curse of Agony           Necr           6%         N/A       100%        5
 Fireball                 Conj/Fire      3%         3d4       100%        5
 Freezing Cloud           Conj/Ice/Air   3%         6-21      100%        5
 Irradiate                Conj/Alch      3%         3d12      100%        5
 Iskenderun's Battlesphe  Conj           6%         2d6       100%        5
 Metabolic Englaciation   Hex/Ice        3%         N/A       100%        5
 Silence                  Hex/Air        3%         N/A       100%        5
 Summon Forest            Summ/Tloc      3%         N/A       100%        5
 Summon Mana Viper        Hex/Summ       6%         N/A       100%        5
 Yara's Violent Unravell  Hex/Alch       3%         3d4       100%        5
 Bombard                  Conj/Erth      3%         9d1       100%        6
 Conjure Ball Lightning   Conj/Air       3%         3x3d6     100%        6
 Death Channel            Necr           3%         N/A       100%        6
 Dispersal                Tloc           3%         N/A       100%        6
 Sculpt Simulacrum        Ice/Alch       3%         N/A       100%        6
 Starburst                Conj/Fire      3%         6d3       100%        6
 Summon Cactus Giant      Summ           3%         N/A       100%        6
 Enfeeble                 Hex            3%         N/A       100%        7
 Haunt                    Necr/Summ      3%         N/A       100%        7
 Malign Gateway           Summ/Tloc      3%         N/A       100%        7
 Orb of Destruction       Conj           3%         9d5       100%        7
 Ozocubu's Refrigeration  Ice            3%         4d8       100%        7
 Spellforged Servitor     Conj/Summ      3%         N/A       100%        7
 Summon Hydra             Summ           3%         N/A       100%        7
 Discord                  Hex            3%         N/A       100%        8
 Disjunction              Tloc           3%         N/A       100%        8
 Ignition                 Fire           3%         3d4       100%        8
 Infestation              Necr           3%         N/A       100%        8
 Lehudib's Crystal Spear  Conj/Erth      3%         10d2      100%        8
 Maxwell's Capacitive Co  Air            3%         ∞         100%        8
 Summon Horrible Things   Summ           3%         N/A       100%        8
 Polar Vortex             Ice            3%         N/A       100%        9


Dungeon Overview and Level Annotations

Branches:
Dungeon (15/15)            Temple (0/1) D:7            Lair (5/5) D:8
  Swamp (4/4) Lair:2       Spider (4/4) Lair:2        Slime (0/5) Lair:5
    Orc (2/2) D:9             Elf (3/3) Orc:2        Vaults (5/5) D:13
  Crypt (0/3) Vaults:2     Depths (4/4) D:15            Zot (5/5) Depths:4
  Sewer (visited)           IceCv (visited)         Volcano (visited)
 WizLab (visited)

Altars:
Ashenzari
Elyvilon
Fedhas
Kikubaaqudgha
Makhleb
Nemelex Xobeh
Ru
Sif Muna
Trog
Uskayaw
Vehumet
Xom
Yredelemnul
Zin
The Shining One
Jiyva

Shops:
D:1 (   D:12 *   D:13 (((*!   D:15 =   Orc:2 **:[   Elf:1 *   Vaults:2 *
Vaults:4 *

Portals:
Hell: Lair:5 Depths:1 Depths:2 Depths:3 Depths:4
Abyss: Depths:1 Depths:3
Pandemonium: Depths:2 Depths:3
Ziggurat: Depths:1

Annotations:
D:8 2 runed translucent doors
Lair:5 exclusion: 2 doors
Elf:3 8 runed translucent doors
Vaults:2 2 transporters, eruonna's ghost, veteran HOBe
Vaults:3 exclusion: orange crystal statue
Depths:4 36 runed translucent doors, exclusion: 36 doors
Zot:2 2 transporters


Innate Abilities, Weirdness & Mutations

You have a beak for a mouth.
You have claws for feet.
Your magical flight helps you evade attacks. (EV +4)
You can magically evade attacks while moving or waiting.
You are agile. (Dex +4, Str/Int -1)
Your mind is acute. (Int +4, Str/Dex -1)
You passively map a small area around you.
Your spells are a little easier to cast, but a little less powerful.
Your movements are slightly less encumbered by armour. (ER -2)


Message History

Vuiqufai's surroundings become eerily quiet.
You see here 4 stones.
Blink to where?
Press: ? - help, Dir - move target
As you read the scroll of blinking {@r4}, it crumbles to dust.
You fly upwards.
There is a stone staircase leading down here.
(D) Dungeon (T) Temple (L) Lair (S) Swamp (N) Spider Nest (M) Slime Pits (O) Orcish Mines (E) Elven Halls (V) Vaults (C) Crypt (U) Depths (H) Hell (Z) Zot
Where to? (Tab/Enter - D:1 @ (x,y), ? - help)
There is a stone staircase leading up here.
You fly upwards.
There is a stone staircase leading down here.
There is an open door here.
There is a stone staircase leading up here.
You fly upwards.
There is a stone staircase leading down here.
There is a stone staircase leading up here.
You fly upwards.
Your extra speed is starting to run out.
There is a stone staircase leading down here.
A tormentor comes into view.
The tormentor roars!
(D) Dungeon (T) Temple (L) Lair (S) Swamp (N) Spider Nest (M) Slime Pits (O) Orcish Mines (E) Elven Halls (V) Vaults (C) Crypt (U) Depths (H) Hell (Z) Zot
Where to? (Tab/Enter - D:1 @ (x,y), ? - help)
You feel yourself slow down.
A tormentor is nearby!
(D) Dungeon (T) Temple (L) Lair (S) Swamp (N) Spider Nest (M) Slime Pits (O) Orcish Mines (E) Elven Halls (V) Vaults (C) Crypt (U) Depths (H) Hell (Z) Zot
Where to? (Tab/Enter - D:1 @ (x,y), ? - help)
A tormentor is nearby!
Throw: 20 boomerangs
Press: ? - help, Q - select action, (/) - cycle Shift-Dir - straight line, f - tormentor
Aim: a tormentor (73% to hit)
You throw a boomerang. The boomerang hits the tormentor!
The tormentor is moderately wounded.
Throw: 20 boomerangs
Press: ? - help, Q - select action, (/) - cycle Shift-Dir - straight line, f/p - tormentor
Aim: a tormentor (moderately wounded, 73% to hit)
You throw a boomerang.
The boomerang barely misses the tormentor.
Throw: 20 boomerangs
Press: ? - help, Q - select action, (/) - cycle Shift-Dir - straight line, f/p - tormentor
Aim: a tormentor (moderately wounded, 73% to hit)
You throw a boomerang.
The boomerang barely misses the tormentor.
Throw: 20 boomerangs
Press: ? - help, Q - select action, (/) - cycle Shift-Dir - straight line, f/p - tormentor
Aim: a tormentor (moderately wounded, 73% to hit)
You throw a boomerang.
The boomerang closely misses the tormentor.
Throw: 20 boomerangs
Press: ? - help, Q - select action, (/) - cycle Shift-Dir - straight line, f/p - tormentor
Aim: a tormentor (moderately wounded, 73% to hit)
You throw a boomerang. The boomerang hits the tormentor!
The tormentor is heavily wounded.
You impale the tormentor!!
You kill the tormentor!
(D) Dungeon (T) Temple (L) Lair (S) Swamp (N) Spider Nest (M) Slime Pits (O) Orcish Mines (E) Elven Halls (V) Vaults (C) Crypt (U) Depths (H) Hell (Z) Zot
Where to? (Tab/Enter - D:1 @ (x,y), ? - help)
Something misses you. Something misses you.
Deactivating autopickup; reactivate with Ctrl-A.
You puncture something! You claw something. Your peck misses something.
You puncture something! You claw something! Something barely misses you.
You hit something. Your kick misses something. You peck something.
You block something's attack.
Your shield discharges, shocking something!
You closely miss something. You claw something. Your peck misses something.
You impale something!! Your kick misses something.
You block something's attack.
Your shield discharges, shocking something!
You miss something. Your kick misses something. Your peck misses something.
You block something's attack.
You puncture something! You peck something.
Reactivating autopickup.
You feel a bit more experienced.
(D) Dungeon (T) Temple (L) Lair (S) Swamp (N) Spider Nest (M) Slime Pits (O) Orcish Mines (E) Elven Halls (V) Vaults (C) Crypt (U) Depths (H) Hell (Z) Zot
Where to? (Tab/Enter - D:1 @ (x,y), ? - help)
There is a stone staircase leading up here.
You fly upwards.
There is a stone staircase leading down here. "Take this instrument of something!"
Something appears before you!
You see here 3 stones.
There is a staircase leading out of the dungeon here.
You have escaped!

#.####..## #..### ##.### #. #.#
###.## #...# ##.## #. #.# ##.##
##.## ##.## ##. ##.#### ##.## #.#
##.## #.) ......# ##.###.###.##
#.. .#.##.# ##.##.##.## #..
.#.##.# ##.#.#.## ### #..
.#.##.#########.#.######.######..
.#.##.##.......#@#.......#.......
.#.##.#########.#.#####..........
..†...# ##.#.#(## ####.......
##.#### ##.##.##.## ######..
#.##### ##.###.###.## ###..
#.##..# ##.## #.# ##.## ###....
##.##.####.## #.## ##.####.#.#..
#.#.#.###.## #..# ##.##.......
.###.....## #..## ##..>......


There were no monsters in sight!

Vanquished Creatures
  A dread lich (Vaults:5)
  Xtahua (Vaults:5)
  Bai Suzhen (Elf:3)
  Boris (Depths:2)
  10 golden dragons
  5 caustic shrikes
  2 electric golems
  11 tentacled monstrosities
  A walking earthen tome (Depths:3)
  Mlioglotl (Swamp:3)
  2 liches
  2 deep elf blademasters (Elf:3)
  7 Orb Guardians
  A walking divine tome (Depths:3)
  8 titans
  7 quicksilver dragons
  5 sphinxes
  2 deep elf master archers (Elf:3)
  5 acid blobs (Zot:3)
  An Executioner (Zot:2)
  A tentacled starspawn (WizLab)
  Donald (Vaults:1)
  7 shadow dragons
  5 storm dragons
  6 death cobs
  2 protean progenitors (Zot:3)
  2 thorn hunters
  7 tengu reavers
  2 nagarajas (WizLab)
  Roxanne (D:15)
  12 draconian knights
  4 draconian monks
  8 fire giants
  7 draconian scorchers
  8 frost giants
  5 draconian shifters
  8 deep elf sorcerers
  The ghost of Deamich the Covert, a journeyman DsBr of Cheibriados (Elf:1)
  12 vault wardens
  4 emperor scorpions
  4 ghost moths
  A caustic shrike zombie (Depths:2)
  2 deep elf elementalists
  A balrug (Depths:3)
  7 draconian annihilators
  2 spriggan defenders (Depths:2)
  5 draconian stormcallers
  19 ironbound preservers
  4 orc warlords
  4 demonspawn corrupters (WizLab)
  3 formless jellyfish
  15 stone giants
  A very ugly thing (shapeshifter) (Depths:2)
  3 vampire knights
  2 broodmothers
  18 very ugly things
  16 green draconians
  5 ironbound thunderhulks
  6 deep elf demonologists (Elf:3)
  11 red draconians
  A stone giant (shapeshifter) (D:13)
  12 black draconians
  4 deep elf death magi (Elf:3)
  5 deep elf annihilators
  18 yellow draconians
  A wendigo (Depths:1)
  9 eleionomae
  The ghost of Nattfarinn the Thaumaturge, a journeyman OnNe of Hepliaklqana (D:11)
  5 purple draconians
  12 spark wasps
  26 dire elephants
  A lorocyproca (D:2)
  3 bunyips
  3 war gargoyles
  A minotaur (Orc:2)
  10 white draconians
  The ghost of Luihuable the Spear-Bearer, a journeyman HOCK of Xom (Orc:2)
  A green death (Depths:2)
  A blizzard demon (Depths:2)
  3 jiangshi (Depths:2)
  A shambling mangrove (Swamp:1)
  Josephine (D:15)
  7 fire dragons
  14 ettins
  13 yaktaur captains
  A merfolk impaler (Depths:1)
  9 deep elf high priests
  3 entropy weavers
  Fannar (Lair:2)
  A rakshasa (D:15)
  3 peacekeepers
  6 great orbs of eyes
  7 ice dragons
  2 ghost crabs (Swamp:3)
  4 spriggan air magi
  The ghost of Morbidden the Summoner, a journeyman BaSu of Cheibriados (D:10)
  5 jorogumos (Spider:4)
  5 ogre magi
  2 alligators (Swamp:3)
  32 vault guards
  22 centaur warriors
  An ice dragon (shapeshifter) (Spider:2)
  A two-headed ogre (shapeshifter) (D:15)
  An anaconda (WizLab)
  8 boulder beetles
  14 ironbound frosthearts
  23 hydras
  2 merfolk aquamancers (WizLab)
  Erica (Lair:2)
  41 dancing weapons
  A radroach (Spider:1)
  19 death yaks
  3 deep troll shamans
  6 deep troll earth magi
  14 two-headed ogres
  5 demonic crawlers
  2 orc high priests
  A vampire mage (Depths:2)
  10 occultists
  7 spriggan berserkers
  11 tengu warriors
  14 hell knights
  17 deep elf knights
  3 sun demons
  A soul eater (Depths:3)
  2 iron trolls
  A golden dragon zombie (Depths:2)
  3 fire crabs
  3 pharaoh ants
  4 goliath frogs
  2 shadow wraiths (Vaults:5)
  A death drake (Swamp:2)
  A sixfirhy (Lair:5)
  An orb spider (shapeshifter) (Vaults:5)
  A death drake (shapeshifter) (Depths:3)
  66 deep trolls
  12 arcanists
  A sun moth (Spider:1)
  3 bog bodies
  4 phantasmal warriors
  17 swamp dragons
  4 glowing orange brains
  9 spriggan druids
  18 deep elf archers
  4 orb spiders
  13 orc knights
  8 harpies
  A steelbarb worm (shapeshifter) (Vaults:5)
  A frost giant zombie (Depths:2)
  38 deep elf pyromancers
  24 ironbound convokers
  17 lindwurms
  6 steelbarb worms
  8 necromancers
  32 deep elf zephyrmancers
  8 wolf spiders
  5 oklob plants
  5 cyclopes
  A shining eye (shapeshifter) (Vaults:5)
  4 orc sorcerers
  A wolf spider (shapeshifter) (Depths:4)
  3 worldbinders (WizLab)
  30 ugly things
  23 moths of wrath
  3 will-o-the-wisps
  16 elephants
  3 manticores
  4 kobold blastminers
  3 meliai (D:14)
  A water nymph (shapeshifter) (Elf:2)
  A toenail golem (D:8)
  2 black mambas (Lair:2)
  2 water nymphs (Swamp:2)
  An ice statue (IceCv)
  3 large abominations (Zot:2)
  A molten gargoyle (D:13)
  3 torpor snails
  A smoke demon (Depths:3)
  21 vault sentinels
  Maggie (D:7)
  3 rust devils
  12 cane toads
  3 gargoyles
  6 unseen horrors
  16 rime drakes
  An orange demon (Lair:5)
  A tormentor (D:2)
  5 kobold demonologists
  12 komodo dragons
  A freezing wraith (Vaults:4)
  2 human skeletons
  Psyche (D:12)
  8 tengu conjurers
  20 yaktaurs
  3 ice devils (Lair:5)
  A yaktaur skeleton (Vaults:1)
  A hellwing (Lair:5)
  A wolf spider simulacrum (D:14)
  3 red devils
  A troll (shapeshifter) (Elf:2)
  13 hornets
  2 tyrant leeches (Swamp:1)
  30 tarantellas
  A merfolk (Lair:3)
  17 trolls
  13 polar bears
  A queen bee (Lair:1)
  A glass eye (shapeshifter) (Vaults:5)
  24 dream sheep
  19 blink frogs
  2 glass eyes
  34 jumping spiders
  2 centaur simulacra (D:10)
  A fire giant simulacrum (Vaults:1)
  10 water elementals
  5 spriggans
  49 slime creatures
  11 culicivoras
  An air elemental (Elf:2)
  4 shadows
  4 vampires
  5 wraiths
  4 fire elementals
  6 wyverns
  4 basilisks
  2 wargs
  62 yaks
  12 vampire mosquitoes
  2 steam dragons
  43 redbacks
  A neqoxec (D:13)
  25 swamp worms
  4 acid dragons
  25 water moccasins
  3 hell hounds (Lair:5)
  5 ice beasts
  A glowing shapeshifter skeleton (Vaults:4)
  A black bear (D:5)
  10 swamp drakes (Swamp:4)
  A meliai simulacrum (D:10)
  29 orc warriors
  A laughing skull (D:12)
  5 sky beasts
  The ghost of anet the Conjurer, an amateur HOCj (D:3)
  15 ogres
  17 wolves
  3 boggarts (Vaults:3)
  14 centaurs
  2 phantoms
  2 human zombies (Vaults:4)
  6 kobold brigands
  An elf simulacrum (Vaults:1)
  5 bullfrogs
  4 gnoll sergeants (D:9)
  6 earth elementals
  An ogre simulacrum (Vaults:4)
  5 scorpions
  13 wights
  34 killer bees
  A troll zombie (D:9)
  3 howler monkeys
  4 lava snakes
  17 orc priests
  A bombardier beetle (D:5)
  A gnoll bouda (D:8)
  A hound (D:5)
  22 jellies
  Crazy Yiuf (D:7)
  6 iguanas
  26 orc wizards
  Terence (D:3)
  2 sleepcaps
  5 ogre zombies (D:9)
  7 adders
  14 gnolls (D:9)
  3 river rats
  A shadow imp (D:5)
  6 white imps
  3 ufetubi
  3 dart slugs
  7 ribbon worms
  79 orcs
  10 ball pythons
  13 endoplasms
  9 giant cockroaches
  11 hobgoblins
  8 jackals
  18 kobolds
  5 quokkas
  5 bats
  7 frilled lizards
  6 gnoll skeletons (D:9)
  A gnoll zombie (D:9)
  5 goblins
  2 orc skeletons (D:9)
  10 orc zombies (D:9)
  19 rats
  A starspawn tentacle (WizLab)
2290 creatures vanquished.

Vanquished Creatures (collateral kills)
  An ancient lich (Depths:3)
  A caustic shrike (Depths:2)
  A golden dragon (Depths:3)
  A titan (Vaults:5)
  A quicksilver dragon (Zot:3)
  A sphinx (WizLab)
  Frances (D:14)
  A shadow dragon (Vaults:5)
  A draconian knight (Depths:4)
  A draconian shifter (Zot:2)
  A draconian monk (Zot:2)
  3 very ugly things (Depths:4)
  2 yellow draconians
  A shambling mangrove (Swamp:1)
  A great orb of eyes (Vaults:3)
  A yaktaur captain (Vaults:5)
  2 vault guards (Vaults:5)
  3 two-headed ogres (Orc:2)
  A demonic crawler (Spider:2)
  A deep troll (Orc:2)
  A glowing orange brain (Depths:3)
  2 deep elf pyromancers
  An efreet (D:8)
  2 trolls (Orc:2)
  A tyrant leech (Vaults:5)
  A jumping spider (Spider:4)
  A yak (Lair:4)
  An orc warrior (D:7)
  5 ogres (Orc:2)
  2 wights (D:4)
  A jelly (D:4)
  An orc wizard (Orc:1)
  3 orcs
  An endoplasm (D:4)
49 creatures vanquished.

Vanquished Creatures (others)
  An Orb Guardian (Zot:5)
  A quicksilver dragon (Zot:2)
  An eldritch tentacle (Swamp:2)
  2 draconian knights (Zot:4)
  A black draconian (Zot:2)
  A yaktaur captain (Vaults:3)
  A merfolk aquamancer (WizLab)
  8 dancing weapons
  3 deep elf knights
  A deep troll (Vaults:1)
  A deep elf pyromancer (Elf:1)
  A bloated husk (Swamp:2)
  A sleepcap (D:8)
  6 foxfires (Swamp:1)
  4 starspawn tentacles (WizLab)
33 creatures vanquished.

Grand Total: 2372 creatures vanquished

Notes
Turn   | Place    | Note
-------+----------+-------------------------------------------
     0 | D:1      | EnegeticOcto the Tengu Chaos Knight began the quest for the
                  | Orb.
     0 | D:1      | Reached XP level 1. HP: 14/14 MP: 2/2
    32 | D:1      | Found Bita's Antique Weapon Shop.
    37 | D:1      | Reached skill level 1 in Stealth
   166 | D:1      | XOM: silly message
   169 | D:1      | Reached XP level 2. HP: 18/19 MP: 3/3
   247 | D:1      | Reached skill level 2 in Stealth
   403 | D:1      | XOM: silly message
   467 | D:1      | Reached XP level 3. HP: 23/23 MP: 4/4
   624 | D:1      | Reached skill level 3 in Stealth
   816 | D:1      | XOM: give mutation
   816 | D:1      | Gained mutation: You are vulnerable to heat. (rF-) [Xom's
                  | mischief]
  1227 | D:2      | Reached skill level 1 in Shields
  1835 | D:3      | Reached XP level 4. HP: 28/28 MP: 5/5
  1840 | D:3      | Found a basalt altar of Yredelemnul.
  1906 | D:3      | XOM: silly message
  2023 | D:3      | Noticed anet's ghost (amateur HOCj)
  2024 | D:3      | Found a transporter.
  2029 | D:3      | Found a transporter.
  2033 | D:3      | Identified the +9 giant spiked club of Tousos {flame, *Slow
                  | rF+ Int+3 Stlth+}
  2033 | D:3      | Noticed an ogre
  2129 | D:3      | Found a blossoming altar of Fedhas.
  2135 | D:3      | Found a sacrificial altar of Ru.
  2184 | D:3      | Learned a level 3 spell: Passwall
  2191 | D:3      | Noticed Terence
  2378 | D:3      | XOM: silly message
  2402 | D:3      | Reached skill level 4 in Short Blades
  2447 | D:3      | XOM: give mutations
  2447 | D:3      | Gained mutation: You have supernaturally acute eyesight.
                  | (SInv) [Xom's grace]
  2447 | D:3      | Gained mutation: You have sharp fingernails. [Xom's grace]
  2447 | D:3      | Gained mutation: You are agile. (Dex +4, Str/Int -1) [Xom's
                  | grace]
  2447 | D:3      | Gained mutation: You are resistant to electric shocks.
                  | (rElec) [Xom's grace]
  2486 | D:3      | XOM: cloud trail
  2625 | D:4      | XOM: confuse monster(s)
  2632 | D:4      | XOM: butterfly on damage
  2635 | D:4      | Reached skill level 2 in Shields
  2635 | D:4      | Reached XP level 5. HP: 16/32 MP: 6/6
  2798 | D:4      | Reached skill level 5 in Short Blades
  2889 | D:4      | Reached XP level 6. HP: 38/38 MP: 7/7
  2893 | D:4      | XOM: 2-stop teleportation journey
  2912 | D:4      | Reached skill level 4 in Fighting
  2965 | D:4      | Learned a level 2 spell: Blink
  3025 | D:4      | XOM: scenery: summon butterflies
  3190 | D:4      | XOM: scenery: create altars
  3220 | D:4      | Reached skill level 6 in Short Blades
  3220 | D:4      | Reached skill level 2 in Dodging
  3220 | D:4      | Gained mutation: Your magical flight helps you evade
                  | attacks. (EV +4) [Tengu growth]
  3220 | D:4      | Reached XP level 7. HP: 44/44 MP: 8/8
  3236 | D:4      | XOM: confuse monster(s)
  3247 | D:4      | Reached skill level 5 in Fighting
  3304 | D:4      | XOM: god gift: white potion {god gift}
  3458 | D:4      | Found a shimmering blue altar of Sif Muna.
  3569 | D:3      | Killed Terence
  3570 | D:3      | Reached skill level 3 in Dodging
  3630 | D:5      | Entered Level 5 of the Dungeon
  3690 | D:5      | Identified the +11 trident of Okawaru's Outrage {drain, rF+
                  | rC+ Int+2 SInv}
  3769 | D:5      | Reached skill level 1 in Polearms
  3921 | D:5      | Reached skill level 2 in Polearms
  3930 | D:5      | Reached skill level 4 in Dodging
  3930 | D:5      | Reached XP level 8. HP: 51/51 MP: 9/9
  4013 | D:5      | Reached skill level 6 in Fighting
  4013 | D:5      | Reached skill level 3 in Polearms
  4129 | D:5      | Reached skill level 4 in Polearms
  4429 | D:6      | Reached skill level 5 in Polearms
  4607 | D:6      | XOM: confuse monster(s)
  4628 | D:6      | Reached skill level 6 in Polearms
  4677 | D:6      | XOM: noise
  4732 | D:6      | XOM: 3-stop teleportation journey
  4815 | D:6      | XOM: divination: magic mapping
  4873 | D:6      | Found a glowing drain.
  4877 | Sewer    | Entered a sewer
  4908 | Sewer    | Reached skill level 3 in Armour
  4908 | Sewer    | Reached XP level 9. HP: 51/56 MP: 10/10
  5291 | Sewer    | XOM: noise
  5306 | Sewer    | XOM: cloud trail
  5407 | Sewer    | XOM is BORED!
  5407 | Sewer    | XOM: noise
  5640 | D:6      | Reached skill level 7 in Polearms
  5732 | D:6      | Reached skill level 4 in Armour
  5855 | D:6      | XOM: give mutations
  5855 | D:6      | Gained mutation: Your mind is acute. (Int +4, Str/Dex -1)
                  | [Xom's grace]
  5855 | D:6      | Gained mutation: Your system is resistant to poisons.
                  | (rPois) [Xom's grace]
  5855 | D:6      | Gained mutation: You have hidden genetic potential. [Xom's
                  | grace]
  5941 | D:7      | Reached skill level 7 in Fighting
  5956 | D:7      | Noticed Maggie
  5989 | D:7      | Found a staircase to the Ecumenical Temple.
  5989 | D:7      | Noticed a hornet
  5997 | D:7      | Killed a hornet
  6001 | D:7      | XOM: polymorph centaur -> quokka
  6047 | D:7      | Reached skill level 8 in Polearms
  6056 | D:7      | XOM: summons 7 friendly demons
  6098 | D:7      | XOM: 6-stop teleportation journey
  6138 | D:7      | Reached skill level 8 in Fighting
  6216 | D:7      | XOM: summons 6 friendly demons
  6392 | D:7      | Found a runed translucent door.
  6393 | D:7      | Noticed Crazy Yiuf
  6399 | D:7      | Killed Crazy Yiuf
  6400 | D:7      | Identified the +8 hammer "Jiranagula" {flame, *Noise rPois
                  | rC+ Int+2}
  6481 | D:7      | Found a glowing silver altar of Zin.
  6486 | D:7      | Reached skill level 9 in Polearms
  6488 | D:7      | Reached XP level 10. HP: 60/65 MP: 11/11
  6611 | D:7      | Killed Maggie
  6714 | D:8      | Found an ancient bone altar of Kikubaaqudgha.
  6721 | D:8      | Found a burning altar of Makhleb.
  6748 | D:8      | Gained mutation: Your spells are a little harder to cast,
                  | but a little more powerful. [hidden potential]
  6779 | D:8      | Reached skill level 9 in Fighting
  6870 | D:8      | XOM: 5-stop teleportation journey
  7053 | D:8      | Found a runed translucent door.
  7053 | D:8      | Noticed a centaur warrior
  7054 | D:8      | Noticed an orc knight
  7056 | D:8      | Found a runed translucent door.
  7056 | D:8      | Found a runed translucent door.
  7167 | D:8      | XOM: divination: magic mapping
  7224 | D:8      | XOM: blink monster(s)
  7252 | D:8      | XOM: cloud trail
  7341 | D:8      | XOM: enchant monster (good)
  7434 | D:8      | XOM: cast spell 'Animate Armour'
  7439 | D:8      | Reached skill level 5 in Dodging
  7442 | D:8      | Noticed a manticore
  7450 | D:8      | Reached skill level 10 in Polearms
  7450 | D:8      | Reached skill level 5 in Armour
  7456 | D:8      | Killed a manticore
  7535 | D:8      | Identified the +6 quarterstaff of Yhunwehu {flame, Str+7}
  7544 | D:8      | Identified the +1 pair of boots of Skepticism {Dex+3}
  7629 | D:8      | XOM: 2-stop teleportation journey
  7712 | D:8      | Found a staircase to the Lair.
  7712 | D:8      | Noticed a fire crab
  7724 | D:8      | Killed a fire crab
  7725 | D:8      | Reached skill level 6 in Armour
  7725 | D:8      | Reached skill level 6 in Dodging
  7725 | D:8      | Reached XP level 11. HP: 61/72 MP: 12/12
  7726 | D:8      | XOM: divination: detect creatures
  7737 | D:8      | Reached skill level 10 in Fighting
  7737 | D:8      | Reached skill level 11 in Polearms
  7737 | D:8      | XOM: summons 2 friendly demons
  7740 | D:8      | Gained mutation: You are very agile. (Dex +8, Str/Int -2)
                  | [hidden potential]
  7740 | D:8      | Lost mutation: You have hidden genetic potential. [hidden
                  | potential expressed]
  7999 | D:8      | XOM: silly message
  8487 | D:9      | Found a hide-covered altar of Uskayaw.
  8615 | D:9      | XOM: cast spell 'Iskenderun's Battlesphere'
  8633 | D:9      | Reached skill level 3 in Shields
  8760 | D:9      | Found a staircase to the Orcish Mines.
  8779 | D:9      | XOM: scenery: summon butterflies
  8817 | D:9      | Reached skill level 4 in Shields
  9032 | D:9      | Reached skill level 12 in Polearms
  9083 | D:9      | Found a shimmering altar of Xom.
  9439 | D:10     | Entered Level 10 of the Dungeon
  9453 | D:10     | XOM: destruction
  9479 | D:10     | Noticed a two-headed ogre
  9491 | D:10     | Killed a two-headed ogre
  9492 | D:10     | Reached skill level 5 in Shields
  9781 | D:10     | Found a shimmering blue altar of Sif Muna.
  9849 | D:10     | Found a burning altar of Makhleb.
  9919 | D:10     | Noticed a deep elf pyromancer
  9927 | D:10     | Killed a deep elf pyromancer
  9949 | D:10     | Reached skill level 6 in Shields
 10195 | D:10     | Found a portal to a secret trove of treasure.
 10218 | D:10     | Found a runed translucent gate.
 10219 | D:10     | Found a runed translucent gate.
 10220 | D:10     | Found a runed translucent gate.
 10272 | D:10     | Found a broken altar of Ashenzari.
 10341 | D:10     | Reached skill level 1 in Evocations
 10341 | D:10     | Reached XP level 12. HP: 77/77 MP: 13/13
 10640 | D:10     | Reached skill level 13 in Polearms
 10643 | D:10     | Reached skill level 2 in Evocations
 10889 | D:10     | Noticed Morbidden's ghost (journeyman BaSu)
 11074 | D:10     | Killed Morbidden's ghost
 11085 | D:10     | Reached skill level 7 in Shields
 11096 | D:10     | Reached skill level 3 in Evocations
 11122 | D:10     | Got the ring of the Fool {Fire rN+ Slay+3}
 11239 | Lair:1   | Entered Level 1 of the Lair of Beasts
 11274 | Lair:1   | XOM: confusion
 11279 | Lair:1   | XOM: polymorph komodo dragon -> yak
 11328 | Lair:1   | XOM: divination: detect creatures
 11348 | Lair:1   | Reached skill level 4 in Evocations
 11465 | Lair:1   | XOM: summons 6 friendly demons
 11481 | Lair:1   | XOM: confuse monster(s)
 11495 | Lair:1   | Reached skill level 8 in Shields
 11556 | Lair:1   | Noticed an eight-headed hydra
 11562 | Lair:1   | XOM: summons 12 friendly demons
 11563 | Lair:1   | Killed an eight-headed hydra
 11564 | Lair:1   | Reached skill level 14 in Polearms
 11564 | Lair:1   | Reached skill level 5 in Evocations
 11587 | Lair:1   | XOM: cloud trail
 11671 | Lair:1   | XOM: 8-stop teleportation journey
 11753 | Lair:1   | XOM: stat loss: -1 Dex (24/25)
 11954 | Lair:2   | XOM: give mutations
 11954 | Lair:2   | Lost mutation: You have sharp fingernails. [Xom's mischief]
 11954 | Lair:2   | Gained mutation: You are partially covered in iridescent
                  | scales. (AC +2) [Xom's mischief]
 11954 | Lair:2   | Lost mutation: You are resistant to electric shocks.
                  | (rElec) [Xom's mischief]
 11994 | Lair:2   | Identified the +11 quarterstaff "Xurphygg" {spect, rPois}
 12068 | Lair:2   | XOM: scenery: create altars
 12083 | Lair:2   | Reached skill level 9 in Shields
 12083 | Lair:2   | Reached skill level 6 in Evocations
 12087 | Lair:2   | Reached XP level 13. HP: 67/82 MP: 14/14
 12087 | Lair:2   | XOM: confuse monster(s)
 12108 | Lair:2   | Reached skill level 7 in Evocations
 12168 | Lair:2   | XOM: give mutation
 12168 | Lair:2   | Gained mutation: Your muscles are strong. (Str +4, Int/Dex
                  | -1) [Xom's grace]
 12178 | Lair:2   | XOM: 2-stop teleportation journey
 12186 | Lair:2   | Identified the +9 long sword "Transmigrator" {holy, *Slow
                  | rC+ SInv}
 12209 | Lair:2   | Reached skill level 1 in Throwing
 12212 | Lair:2   | XOM: scenery: 1 doors open
 12254 | Lair:2   | Found a staircase to the Swamp.
 12254 | Lair:2   | Noticed an eleionoma
 12265 | Lair:2   | Killed an eleionoma
 12267 | Lair:2   | XOM: 1-stop teleportation journey
 12276 | Lair:2   | Found a dark tunnel.
 12281 | Volcano  | Entered a volcano
 12304 | Volcano  | Found a burning altar of Makhleb.
 12316 | Volcano  | Reached skill level 2 in Throwing
 12316 | Volcano  | XOM: blink monster(s)
 12324 | Volcano  | XOM: chaos upgrade
 12554 | Lair:2   | XOM: give mutation
 12554 | Lair:2   | Gained mutation: You occasionally lose the ability to read
                  | scrolls when taking damage. [Xom's mischief]
 12574 | Lair:2   | Noticed Erica
 12577 | Lair:2   | XOM: noise
 12589 | Lair:2   | Killed Erica
 12590 | Lair:2   | Reached skill level 3 in Throwing
 12590 | Lair:2   | Reached skill level 7 in Armour
 12590 | Lair:2   | Reached skill level 7 in Dodging
 12750 | Lair:2   | XOM: scenery: create altars
 12751 | Lair:2   | XOM: noise
 12782 | Lair:2   | Noticed Fannar
 12785 | Lair:2   | XOM: cast spell 'Summon Ice Beast'
 12789 | Lair:2   | XOM: cast spell 'Olgreb's Toxic Radiance'
 12793 | Lair:2   | XOM: potion effect (haste)
 12803 | Lair:2   | Killed Fannar
 12804 | Lair:2   | XOM: silly message
 13035 | Lair:2   | Found a hole to the Spider Nest.
 13360 | Lair:3   | XOM: cast spell 'Olgreb's Toxic Radiance'
 13367 | Lair:3   | Reached skill level 4 in Throwing
 13477 | Lair:3   | Reached skill level 10 in Shields
 13485 | Lair:3   | XOM: polymorph catoblepas -> merfolk
 13524 | Lair:3   | XOM: divination: detect creatures
 13571 | Lair:3   | XOM: silly message
 13646 | Lair:3   | Reached skill level 11 in Fighting
 13783 | Lair:3   | Reached XP level 14. HP: 90/90 MP: 15/15
 13801 | Lair:3   | Reached skill level 8 in Armour
 13859 | Lair:3   | XOM: potion effect (berserk rage)
 13893 | Lair:3   | Reached skill level 8 in Dodging
 13899 | Lair:3   | XOM: silly message
 13901 | Lair:3   | XOM: silly message
 14248 | Lair:3   | Identified the +0 chain mail "Siwket" {Will+ Stlth+}
 14466 | Lair:3   | Reached skill level 5 in Throwing
 14549 | Lair:4   | XOM: confuse monster(s)
 14735 | Lair:4   | XOM: 2-stop teleportation journey
 14794 | Lair:4   | Identified the +8 plate armour of Qosia {rElec rC+ Slay-3}
 14806 | Lair:4   | Reached skill level 9 in Armour
 14806 | Lair:4   | Reached skill level 9 in Dodging
 14806 | Lair:4   | Reached XP level 15. HP: 95/95 MP: 16/16
 14918 | Lair:4   | XOM: 2-stop teleportation journey
 14985 | Lair:4   | XOM: silly message
 15142 | Lair:4   | XOM: divination: detect creatures
 15188 | Lair:4   | Reached skill level 10 in Armour
 15241 | Lair:4   | Reached skill level 10 in Dodging
 15598 | Lair:4   | XOM: summons friendly iron imp
 15855 | Lair:5   | Entered Level 5 of the Lair of Beasts
 15856 | Lair:5   | XOM: potion effect (might)
 15866 | Lair:4   | XOM: potion effect (invisibility)
 15868 | Lair:4   | XOM: cast spell 'Fugue of the Fallen'
 15870 | Lair:4   | Reached skill level 6 in Throwing
 15886 | Lair:5   | XOM: polymorph yak -> yak
 15918 | Lair:5   | XOM: 1-stop teleportation journey
 15946 | Lair:5   | XOM: enchant monster (bad)
 15950 | Lair:5   | Reached skill level 11 in Shields
 16006 | Lair:5   | XOM: confuse monster(s)
 16021 | Lair:5   | XOM: confusion
 16029 | Lair:5   | XOM: enchant monster (bad)
 16032 | Lair:5   | XOM: confusion
 16033 | Lair:5   | Reached skill level 12 in Fighting
 16058 | Lair:5   | XOM: confusion (+ monsters)
 16095 | Lair:5   | XOM: enchant monster (good)
 16098 | Lair:5   | XOM: confuse monster(s)
 16103 | Lair:5   | Reached skill level 11 in Armour
 16307 | Lair:5   | XOM: polymorph elephant -> hornet
 16349 | Lair:5   | XOM: divination: detect creatures
 16426 | Lair:5   | Reached skill level 12 in Shields
 16434 | Lair:5   | Found a viscous altar of Jiyva.
 16434 | Lair:5   | Found a staircase to the Slime Pits.
 16580 | Lair:5   | XOM: cast spell 'Summon Small Mammal'
 16635 | Lair:5   | XOM: potion effect (might)
 16638 | Lair:5   | Reached skill level 12 in Armour
 16638 | Lair:5   | Reached XP level 16. HP: 101/101 MP: 17/17
 16898 | Lair:5   | XOM: scenery: 2 doors open
 17142 | Lair:5   | Found a burning altar of Makhleb.
 17246 | Lair:5   | Found a gateway to Hell.
 17445 | Lair:5   | XOM: divination: detect items
 17706 | Lair:1   | XOM: scenery: create altars
 17888 | D:3      | Killed anet's ghost
 18080 | D:8      | Reached skill level 13 in Armour
 18094 | D:8      | XOM: scenery: 2 doors open, 1 doors close
 18099 | D:8      | XOM: enchant monster (good)
 18134 | D:8      | Identified the amulet of Gakall {Spirit rElec Int+4}
 18420 | D:11     | XOM: fog
 18423 | D:11     | XOM: potion effect (haste)
 18434 | D:11     | XOM: god gift: 613 gold pieces
 18507 | D:11     | XOM: give mutations
 18507 | D:11     | Gained mutation: You possess an exceptional clarity of
                  | mind. [Xom's grace]
 18507 | D:11     | Gained mutation: You are resistant to electric shocks.
                  | (rElec) [Xom's grace]
 18526 | D:11     | Found a runed translucent door.
 18526 | D:11     | Noticed Nattfarinn's ghost (journeyman OnNe)
 18617 | D:11     | Found a blossoming altar of Fedhas.
 18658 | D:11     | XOM: cloud trail
 18750 | D:11     | XOM: god gift: great sword {god gift}
 18763 | D:11     | Killed Nattfarinn's ghost
 18764 | D:11     | Reached skill level 1 in Spellcasting
 18769 | D:11     | XOM: give mutations
 18769 | D:11     | Gained mutation: You passively map a small area around you.
                  | [Xom's mischief]
 18769 | D:11     | Lost mutation: Your spells are a little harder to cast, but
                  | a little more powerful. [Xom's mischief]
 18899 | D:12     | You are sucked into a shaft and drop 1 floor!
 18899 | D:13     | Found Iptixtenabb's General Store.
 18904 | D:13     | Bought a scroll of fog for 48 gold pieces
 18904 | D:13     | Bought a potion of curing for 36 gold pieces
 18904 | D:13     | Bought a scroll of identify for 24 gold pieces
 18904 | D:13     | Bought a wand of paralysis (2) for 57 gold pieces
 18904 | D:13     | Bought 6 curare-tipped darts for 86 gold pieces
 18904 | D:13     | Bought a potion of enlightenment for 60 gold pieces
 18917 | D:12     | Noticed Psyche
 18921 | D:12     | Killed Psyche
 19005 | D:12     | XOM: cloud trail
 19135 | D:12     | Found a frozen archway.
 19140 | D:12     | XOM: fog
 19141 | D:12     | Found Qash's Gadget Gallery.
 19141 | D:12     | XOM: 4-stop teleportation journey
 19208 | IceCv    | Entered an ice cave
 19234 | IceCv    | XOM: 11-stop teleportation journey
 19361 | IceCv    | XOM: summons 7 friendly demons
 19383 | IceCv    | Reached skill level 2 in Spellcasting
 19454 | IceCv    | XOM: potion effect (brilliance)
 19911 | D:12     | Bought a wand of polymorph (8) for 168 gold pieces
 20167 | D:12     | Reached skill level 7 in Throwing
 20170 | D:12     | XOM: silly message
 20196 | D:12     | Paralysed by a vampire knight for 4 turns
 20197 | D:12     | Reached skill level 3 in Spellcasting
 20373 | D:12     | XOM: enchant monster (good)
 20377 | D:12     | XOM: summons friendly iron imp
 20624 | D:12     | Identified the +0 chain mail "Dediv" {Str+3}
 20678 | D:12     | XOM: god gift: staff of cold
 20760 | Orc:1    | Entered Level 1 of the Orcish Mines
 20763 | Orc:1    | XOM: divination: detect items
 20857 | Orc:2    | Entered Level 2 of the Orcish Mines
 20901 | Orc:2    | XOM: cast spell 'Animate Armour'
 20926 | Orc:2    | Found a staircase to the Elven Halls.
 21014 | Orc:2    | Noticed Sonja
 21015 | Orc:2    | Sonja changed into Sonja the sky beast
 21015 | Orc:2    | Noticed Sonja
 21020 | Orc:2    | Killed Sonja the sky beast
 21095 | Orc:1    | XOM: god gift: 4 stones
 21199 | Orc:1    | XOM: scenery: create altars
 21338 | Orc:1    | XOM: blink monster(s)
 21453 | Orc:1    | XOM: 1-stop teleportation journey
 21559 | Orc:1    | XOM: enchant monster (bad)
 21627 | Orc:1    | Identified the amulet "Sichat" {RegenMP rElec}
 21830 | Orc:2    | Found Didoepas's Assorted Antiques.
 21907 | Orc:1    | Reached skill level 14 in Armour
 22026 | Orc:2    | Reached skill level 4 in Spellcasting
 22042 | Orc:2    | XOM: summons friendly iron imp
 22068 | Orc:2    | Reached XP level 17. HP: 97/108 MP: 21/24
 22071 | Orc:2    | Reached skill level 13 in Shields
 22077 | Orc:2    | Found Ohoeg's Book Shop.
 22078 | Orc:2    | Found Wucoqoco's Armour Emporium.
 22086 | Orc:2    | Reached skill level 8 in Throwing
 22097 | Orc:2    | Found Riroz's Assorted Antiques.
 22118 | Orc:2    | Reached skill level 13 in Fighting
 22119 | Orc:2    | Bought a scroll of butterflies for 144 gold pieces
 22130 | Orc:2    | XOM: 3-stop teleportation journey
 22168 | Orc:2    | Noticed Luihuable's ghost (journeyman HOCK)
 22193 | Orc:2    | Found a runed translucent gate.
 22193 | Orc:2    | Found a runed translucent gate.
 22193 | Orc:2    | Found a runed translucent gate.
 22357 | Orc:2    | XOM: noise
 22368 | Orc:2    | XOM: scenery: create altars
 22381 | Orc:2    | XOM: summons friendly ynoxinul
 22388 | Orc:2    | Killed Luihuable's ghost
 22723 | Orc:1    | XOM: give mutations
 22723 | Orc:1    | Gained mutation: You are mostly covered in iridescent
                  | scales. (AC +4) [Xom's grace]
 22723 | Orc:1    | Gained mutation: Your flesh is cold resistant. (rC+) [Xom's
                  | grace]
 22920 | Orc:2    | Bought a potion of curing for 108 gold pieces
 22920 | Orc:2    | Bought a scroll of revelation for 270 gold pieces
 23124 | D:13     | XOM: divination: magic mapping
 23229 | D:13     | Found Danaesm's Weapon Shop.
 23230 | D:13     | XOM: summons friendly white imp
 23263 | D:13     | Found Lulioj's Weapon Shop.
 23272 | D:13     | Bought 2 curare-tipped darts for 40 gold pieces
 23297 | D:13     | Found Kevas's Distillery.
 23300 | D:13     | Bought a potion of enlightenment for 80 gold pieces
 23300 | D:13     | Bought a potion of curing for 48 gold pieces
 23300 | D:13     | Bought a potion of haste for 160 gold pieces
 23503 | D:13     | XOM: give mutations
 23503 | D:13     | Gained mutation: You expend magic power (3 MP) to
                  | strengthen your wands. [Xom's grace]
 23503 | D:13     | Gained mutation: Your flesh is very cold resistant. (rC++)
                  | [Xom's grace]
 23538 | D:13     | Found a gate to the Vaults.
 23563 | D:13     | Found Puojepei's Antique Weapon Shop.
 23570 | D:13     | Bought a scorched war axe for 229 gold pieces
 23570 | D:13     | Identified the +7 war axe of the Shrieking God {venom,
                  | Str+5 Dex-3} (You bought it in a shop on level 13 of the
                  | Dungeon)
 23647 | D:14     | XOM: smoke on damage
 23863 | D:14     | Identified the staff of Cakhea {rPois Hexes Alchemy} (Xom
                  | gifted it to you on level 14 of the Dungeon)
 23863 | D:14     | XOM: god gift: staff of Cakhea {rPois Hexes Alchemy}
 23878 | D:14     | XOM: 1-stop teleportation journey
 23897 | D:14     | Noticed Frances
 23897 | D:14     | XOM: 1-stop teleportation journey
 23947 | D:14     | XOM: noise
 23953 | D:14     | Killed Frances
 23954 | D:14     | Reached skill level 9 in Throwing
 23976 | D:14     | XOM: polymorph scorpion -> golden eye
 24166 | D:14     | XOM is BORED!
 24559 | D:14     | XOM: enchant monster (good)
 24567 | D:14     | XOM: 2-stop teleportation journey
 24847 | D:15     | Entered Level 15 of the Dungeon
 24850 | D:15     | Noticed Roxanne
 25072 | D:15     | Found Okotenuu's Jewellery Shop.
 25076 | D:15     | Noticed Josephine
 25097 | D:15     | Killed Josephine
 25218 | D:15     | Found a sparkling altar of Nemelex Xobeh.
 25239 | D:15     | Bought a ring of willpower for 400 gold pieces
 25281 | D:15     | Noticed Nessos
 25282 | D:15     | Nessos changed into Nessos the fire crab
 25282 | D:15     | Noticed Nessos
 25292 | D:15     | Killed Nessos the fire crab
 25334 | D:15     | XOM: cast spell 'Leda's Liquefaction'
 25355 | D:15     | XOM: blink monster(s)
 25456 | D:15     | XOM: god gift: 32 gold pieces
 25596 | D:15     | Reached skill level 14 in Shields
 25607 | D:15     | Reached skill level 14 in Fighting
 25742 | D:15     | XOM: enchant monster (bad)
 25778 | D:15     | Found a staircase to the Depths.
 25942 | D:15     | XOM: 1-stop teleportation journey
 26172 | D:15     | XOM: silly message
 26459 | Swamp:1  | Entered Level 1 of the Swamp
 26462 | Swamp:1  | Got the Tome of Exothermic Ozone
 26525 | Swamp:1  | Reached skill level 10 in Throwing
 26648 | Swamp:1  | XOM: blink monster(s)
 26734 | Swamp:1  | XOM: summons 2 friendly demons
 26747 | Swamp:1  | XOM: summons 3 friendly demons
 26758 | Swamp:1  | XOM: summons 6 friendly demons
 27077 | Swamp:1  | XOM: divination: detect creatures
 27158 | Swamp:1  | XOM: give mutations
 27158 | Swamp:1  | Gained mutation: A frigid envelope surrounds you and
                  | freezes all who hurt you. [Xom's grace]
 27158 | Swamp:1  | Gained mutation: You have an increased reservoir of magic.
                  | (+10% MP) [Xom's grace]
 27298 | Swamp:2  | XOM: noise
 27325 | Swamp:2  | XOM: cleaving
 27326 | Swamp:2  | XOM: scenery: summon butterflies
 27330 | Swamp:2  | XOM: cast spell 'Malign Gateway'
 27335 | Swamp:2  | Reached XP level 18. HP: 117/117 MP: 27/27
 27541 | Swamp:2  | XOM is BORED!
 27636 | Swamp:2  | XOM: give mutations
 27636 | Swamp:2  | Gained mutation: Your spells are a little harder to cast,
                  | but a little more powerful. [Xom's grace]
 27636 | Swamp:2  | Gained mutation: You are completely covered in iridescent
                  | scales. (AC +6) [Xom's grace]
 27636 | Swamp:2  | Gained mutation: You are somewhat resistant to further
                  | mutation. [Xom's grace]
 27636 | Swamp:2  | Gained mutation: You have sharp fingernails. [Xom's grace]
 27644 | Swamp:2  | XOM: confuse monster(s)
 27731 | Swamp:2  | XOM: swap monsters
 27737 | Swamp:2  | XOM: 5-stop teleportation journey
 27801 | Swamp:2  | XOM: 5-stop teleportation journey
 28042 | Swamp:2  | XOM: give mutations
 28042 | Swamp:2  | Lost mutation: You are vulnerable to heat. (rF-) [Xom's
                  | mischief]
 28042 | Swamp:2  | Lost mutation: You are somewhat resistant to further
                  | mutation. [Xom's mischief]
 28102 | Swamp:2  | XOM: summons 10 hostile demons
 28251 | Swamp:3  | Reached skill level 11 in Throwing
 28258 | Swamp:3  | Identified the +0 chain mail of Analysis {rPois rCorr
                  | Stlth-}
 28325 | Swamp:3  | Noticed a tentacled monstrosity
 28341 | Swamp:3  | Killed a tentacled monstrosity
 28478 | Swamp:3  | XOM: swap monsters
 28485 | Swamp:3  | XOM: fake destruction
 28491 | Swamp:3  | Reached skill level 15 in Fighting
 28491 | Swamp:3  | Reached skill level 15 in Shields
 28500 | Swamp:3  | XOM: noise
 28504 | Swamp:3  | XOM: blink monster(s)
 28506 | Swamp:3  | XOM: confuse monster(s)
 28514 | Swamp:3  | Noticed Mlioglotl
 28531 | Swamp:3  | Killed Mlioglotl
 28537 | Swamp:3  | XOM: cast spell 'Death Channel'
 28793 | Swamp:3  | XOM: destruction
 28891 | Swamp:4  | Entered Level 4 of the Swamp
 28892 | Swamp:4  | XOM: cast spell 'Metabolic Englaciation'
 28896 | Swamp:4  | XOM: enchant monster (good)
 29014 | Swamp:4  | XOM: summons friendly white imp
 29032 | Swamp:4  | XOM: summons 2 friendly demons
 29033 | Swamp:4  | XOM: polymorph goliath frog -> two-headed ogre
 29037 | Swamp:4  | XOM: summons 3 friendly demons
 29227 | Swamp:4  | XOM: give mutations
 29227 | Swamp:4  | Lost mutation: You passively map a small area around you.
                  | [Xom's mischief]
 29227 | Swamp:4  | Lost mutation: Your muscles are strong. (Str +4, Int/Dex
                  | -1) [Xom's mischief]
 29227 | Swamp:4  | Lost mutation: You have sharp fingernails. [Xom's mischief]
 29283 | Swamp:4  | Reached skill level 12 in Throwing
 29321 | Swamp:4  | XOM: cleaving
 29381 | Swamp:4  | XOM: summons 2 hostile demons
 29401 | Swamp:4  | XOM: divination: magic mapping
 29404 | Swamp:4  | Reached skill level 16 in Fighting
 29452 | Swamp:4  | XOM: cast spell 'Summon Small Mammal'
 29695 | Swamp:4  | Got a decaying rune of Zot
 29858 | Spider:1 | Entered Level 1 of the Spider Nest
 29887 | Spider:1 | XOM: fake destruction
 29939 | Spider:1 | XOM: cast spell 'Death Channel'
 29962 | Spider:1 | Reached skill level 13 in Throwing
 29994 | Spider:1 | XOM: noise
 30038 | Spider:1 | XOM: confuse monster(s)
 30104 | Spider:1 | XOM: potion effect (berserk rage)
 30355 | Spider:1 | XOM: divination: detect items
 30645 | Spider:2 | XOM: polymorph broodmother -> shapeshifter
 30648 | Spider:2 | XOM: cast spell 'Death Channel'
 30664 | Spider:2 | Reached XP level 19. HP: 54/125 MP: 13/28
 30844 | Spider:2 | XOM: noise
 30911 | Spider:2 | Reached skill level 14 in Throwing
 30959 | Spider:2 | Identified the +0 chain mail of Joajistra {Str+3}
 30972 | Spider:2 | XOM: 2-stop teleportation journey
 31115 | Spider:2 | XOM: cast spell 'Fugue of the Fallen'
 31238 | Spider:2 | XOM: noise
 31246 | Spider:2 | XOM: enchant monster (bad)
 31576 | Spider:3 | XOM: enchant monster (bad)
 31857 | Spider:3 | Reached skill level 15 in Throwing
 31956 | Spider:3 | XOM: enchant monster (good)
 32208 | Spider:4 | Entered Level 4 of the Spider Nest
 32301 | Spider:4 | XOM: confuse monster(s)
 32374 | Spider:4 | XOM: swap monsters
 32384 | Spider:4 | XOM: polymorph jorogumo -> unseen horror
 32406 | Spider:4 | XOM: silly message
 32507 | Spider:4 | XOM: noise
 32557 | Spider:4 | XOM: enchant monster (bad)
 32563 | Spider:4 | XOM: noise
 32684 | Spider:4 | Identified a scroll of acquirement
 32685 | Spider:4 | Acquired a manual of Dodging
 32734 | Spider:4 | XOM: confuse monster(s)
 33181 | Spider:4 | XOM: divination: detect items
 33184 | Spider:4 | XOM: confuse monster(s)
 33189 | Spider:4 | XOM: polymorph culicivora -> jelly
 33192 | Spider:4 | Reached skill level 5 in Spellcasting
 33197 | Spider:4 | XOM: summons 2 friendly demons
 33352 | Spider:4 | XOM: fog
 33510 | Spider:4 | XOM: polymorph wolf spider -> fire crab
 33522 | Spider:4 | XOM: potion effect (brilliance)
 33528 | Spider:4 | Reached skill level 11 in Dodging
 33709 | Spider:4 | XOM: divination: magic mapping
 33755 | Spider:4 | Got a gossamer rune of Zot
 33756 | Spider:4 | XOM: silly message
 34088 | Elf:1    | Entered Level 1 of the Elven Halls
 34315 | Elf:1    | Reached skill level 6 in Spellcasting
 34513 | Elf:1    | Found a large runed translucent door.
 34513 | Elf:1    | Found a large runed translucent door.
 34516 | Elf:1    | Noticed Deamich's ghost (journeyman DsBr)
 34543 | Elf:1    | XOM: confuse monster(s)
 34858 | Elf:1    | Found Icefalar's Assorted Antiques.
 35171 | Elf:1    | Killed Deamich's ghost
 35287 | Elf:1    | XOM: enchant monster (good)
 35288 | Elf:1    | XOM: summons friendly shadow imp
 35299 | Elf:1    | Reached XP level 20. HP: 117/132 MP: 32/34
 35307 | Elf:1    | XOM: blink monster(s)
 35314 | Elf:1    | XOM: chaos upgrade
 35318 | Elf:1    | Reached skill level 7 in Spellcasting
 35420 | Elf:1    | Reached skill level 12 in Dodging
 35480 | Elf:1    | Acquired 522 gold pieces
 35720 | Elf:2    | Paralysed by an air elemental for 1 turns
 35780 | Elf:2    | XOM: summons 1 hostile demon
 35885 | Elf:2    | XOM: summons 1 hostile shadow creature
 35888 | Elf:2    | Paralysed by an air elemental for 1 turns
 35914 | Elf:2    | XOM: 2-stop teleportation journey
 35921 | Elf:2    | Reached skill level 16 in Throwing
 35941 | Elf:2    | XOM: blink monster(s)
 35981 | Elf:2    | Reached skill level 15 in Armour
 36060 | Elf:2    | XOM: give mutation
 36060 | Elf:2    | Lost mutation: You possess an exceptional clarity of mind.
                  | [Xom's mischief]
 36196 | Elf:2    | XOM: chaos cloud
 36205 | Elf:2    | XOM: potion effect (berserk rage)
 36221 | Elf:2    | Reached skill level 8 in Spellcasting
 36234 | Elf:2    | XOM: god gift: +2 demon trident of chaos
 36247 | Elf:2    | XOM: summons 9 friendly demons
 36368 | Elf:2    | XOM: noise
 36483 | Elf:2    | Identified the +5 broad axe of Fafoifea {flame, rC+}
 36538 | Elf:2    | Reached skill level 13 in Dodging
 36592 | Elf:2    | Found a runed translucent gate.
 36592 | Elf:2    | Found a runed translucent gate.
 36592 | Elf:2    | Found a runed translucent gate.
 37347 | Elf:2    | XOM: give mutations
 37347 | Elf:2    | Gained mutation: Your mind is very acute. (Int +8, Str/Dex
                  | -2) [Xom's grace]
 37347 | Elf:2    | Gained mutation: Your spells are harder to cast, but more
                  | powerful. [Xom's grace]
 37347 | Elf:2    | Gained mutation: You are covered in fur. (AC +1) [Xom's
                  | grace]
 37347 | Elf:2    | Gained mutation: Your muscles are strong. (Str +4, Int/Dex
                  | -1) [Xom's grace]
 37433 | Elf:2    | Reached skill level 17 in Fighting
 37520 | Elf:2    | Reached skill level 9 in Spellcasting
 37783 | Elf:2    | XOM: confuse monster(s)
 37827 | Elf:2    | XOM: confuse monster(s)
 37911 | Elf:2    | XOM: cleaving
 37974 | Elf:2    | XOM: give mutation
 37974 | Elf:2    | Lost mutation: You have supernaturally acute eyesight.
                  | (SInv) [Xom's mischief]
 38174 | Elf:3    | Entered Level 3 of the Elven Halls
 38250 | Elf:3    | XOM: chaos upgrade
 38385 | Elf:3    | XOM: summons 1 hostile demon
 38386 | Elf:3    | Reached skill level 14 in Dodging
 38585 | Elf:3    | XOM: divination: detect items
 38588 | Elf:3    | XOM: 2-stop teleportation journey
 38595 | Elf:3    | Reached skill level 10 in Spellcasting
 38758 | Elf:3    | Found a huge runed translucent gate.
 38759 | Elf:3    | Found a huge runed translucent gate.
 38759 | Elf:3    | Found a huge runed translucent gate.
 38759 | Elf:3    | Found a huge runed translucent gate.
 38759 | Elf:3    | Found a huge runed translucent gate.
 38759 | Elf:3    | Found a huge runed translucent gate.
 38759 | Elf:3    | Found a huge runed translucent gate.
 38760 | Elf:3    | Found a huge runed translucent gate.
 38764 | Elf:3    | Identified the +6 double sword "Ceoq" {pain, rElec}
 38764 | Elf:3    | Found the +5 moon troll leather armour {Spirit, Regen++
                  | MP+5}
 38965 | Elf:3    | Noticed Bai Suzhen
 38965 | Elf:3    | XOM: 1-stop teleportation journey
 39056 | Elf:3    | XOM: give mutations
 39056 | Elf:3    | Lost mutation: Your system is resistant to poisons. (rPois)
                  | [Xom's mischief]
 39056 | Elf:3    | Lost mutation: You are very agile. (Dex +8, Str/Int -2)
                  | [Xom's mischief]
 39056 | Elf:3    | Lost mutation: You are covered in fur. (AC +1) [Xom's
                  | mischief]
 39056 | Elf:3    | Lost mutation: Your spells are harder to cast, but more
                  | powerful. [Xom's mischief]
 39164 | Elf:3    | XOM: summons friendly quasit
 39192 | Elf:3    | Killed Bai Suzhen
 39393 | Elf:3    | Reached skill level 16 in Armour
 39535 | Elf:3    | XOM: silly message
 39589 | Elf:3    | Reached XP level 21. HP: 119/140 MP: 32/40
 39780 | Elf:3    | Reached skill level 11 in Spellcasting
 40079 | Elf:3    | Identified the ring of Mami Rypt {rC+ rCorr Int-3 Stlth+}
 40104 | Elf:3    | XOM: give mutations
 40104 | Elf:3    | Lost mutation: You expend magic power (3 MP) to strengthen
                  | your wands. [Xom's mischief]
 40104 | Elf:3    | Lost mutation: You are agile. (Dex +4, Str/Int -1) [Xom's
                  | mischief]
 40104 | Elf:3    | Lost mutation: A frigid envelope surrounds you and freezes
                  | all who hurt you. [Xom's mischief]
 40104 | Elf:3    | Gained mutation: You are frail. (-10% HP) [Xom's mischief]
 40147 | Elf:3    | XOM: divination: detect items
 40149 | Elf:3    | XOM: blink monster(s)
 40278 | Elf:3    | XOM: cloud trail
 40405 | Elf:3    | Got Xaen's Secrets of Exhalation
 40408 | Elf:3    | Identified the +5 spear "Lemioc" {spect, Dex+3 SInv}
 40413 | Elf:3    | Got the Parchment of Fey Tinctures
 40414 | Elf:3    | Identified the +2 sling of Zioff {drain, +Blink rElec Str+3
                  | Int+4}
 40415 | Elf:3    | Identified the +5 shortbow "Dyogiroa" {drain, Fly rElec rN+
                  | Int-4}
 40426 | Elf:3    | Identified the +8 plate armour of Arokeex {rF- Str+3 Int+6}
 40427 | Elf:3    | Identified the amulet "Ofiev" {Reflect -Cast rC++ Str+3
                  | SH+5}
 40692 | Elf:3    | XOM: divination: detect creatures
 40935 | Vaults:1 | Entered Level 1 of the Vaults
 40946 | Vaults:1 | XOM: enchant monster (bad)
 41109 | Vaults:1 | XOM: confuse monster(s)
 41110 | Vaults:1 | XOM: divination: magic mapping
 41129 | Vaults:1 | XOM: chaos upgrade
 41139 | Vaults:1 | Reached skill level 15 in Dodging
 41186 | D:13     | XOM: give mutations
 41186 | D:13     | Lost mutation: Your mind is very acute. (Int +8, Str/Dex
                  | -2) [Xom's mischief]
 41186 | D:13     | Gained mutation: Your muscles are very strong. (Str +8,
                  | Int/Dex -2) [Xom's mischief]
 41186 | D:13     | Lost mutation: You are resistant to electric shocks.
                  | (rElec) [Xom's mischief]
 41298 | Vaults:1 | XOM: swap monsters
 41329 | Vaults:1 | Reached skill level 12 in Spellcasting
 41336 | Vaults:1 | Reached skill level 18 in Fighting
 41412 | Vaults:1 | XOM: summons 11 hostile demons
 41482 | Vaults:1 | XOM: cleaving
 41516 | Vaults:1 | Found a magical portal.
 41521 | WizLab   | Entered Alistair's Party Mansion
 41701 | WizLab   | XOM: smoke on damage
 41718 | WizLab   | XOM: summons 9 friendly demons
 41737 | WizLab   | XOM: divine lightning
 41791 | WizLab   | XOM: give mutations
 41791 | WizLab   | Lost mutation: You are frail. (-10% HP) [Xom's mischief]
 41791 | WizLab   | Gained mutation: You are agile. (Dex +4, Str/Int -1) [Xom's
                  | mischief]
 41874 | WizLab   | XOM: summons 3 friendly demons
 41899 | WizLab   | Reached skill level 17 in Armour
 42152 | WizLab   | XOM: give mutations
 42152 | WizLab   | Gained mutation: Your flesh is almost immune to the effects
                  | of cold. (rC+++) [Xom's grace]
 42152 | WizLab   | Gained mutation: Your system is resistant to poisons.
                  | (rPois) [Xom's grace]
 42152 | WizLab   | Gained mutation: Your mind is very acute. (Int +8, Str/Dex
                  | -2) [Xom's grace]
 42152 | WizLab   | Gained mutation: You have supernaturally acute eyesight.
                  | (SInv) [Xom's grace]
 42208 | WizLab   | Reached skill level 16 in Dodging
 42211 | WizLab   | XOM: confuse monster(s)
 42346 | WizLab   | XOM: divination: detect items
 42351 | WizLab   | XOM: enchant monster (good)
 42495 | WizLab   | XOM: 8-stop teleportation journey
 42499 | WizLab   | Acquired the +1 hat of Togudd {Fly rElec rF+ MP+9 Int-4}
 42521 | WizLab   | Got the Tome of the Cucurbite
 43064 | Vaults:1 | XOM: destruction
 43233 | Vaults:1 | XOM: scenery: 1 doors close
 43249 | Vaults:1 | XOM: 1-stop teleportation journey
 43372 | Vaults:1 | XOM: polymorph vault sentinel -> vault sentinel
 43482 | Vaults:1 | Reached XP level 22. HP: 148/148 MP: 43/43
 43571 | Vaults:1 | Noticed Donald
 43578 | Vaults:1 | XOM: silly message
 43611 | Vaults:1 | XOM: 8-stop teleportation journey
 43621 | Vaults:1 | XOM: silly message
 43852 | Vaults:1 | Killed Donald
 43882 | Vaults:1 | XOM: summons 3 hostile shadow creatures
 44072 | Vaults:1 | XOM: confusion
 44168 | Vaults:1 | XOM: draining
 44196 | Vaults:1 | Reached skill level 17 in Dodging
 44196 | Vaults:1 | Reached skill level 13 in Spellcasting
 44214 | Vaults:1 | XOM: swap monsters
 44220 | Vaults:1 | XOM: noise
 44252 | Vaults:1 | XOM: confusion
 44567 | Vaults:2 | XOM: chaos upgrade
 44568 | Vaults:2 | XOM: chaos upgrade
 44648 | Vaults:2 | XOM: blink monster(s)
 44661 | Vaults:2 | XOM: smoke on damage
 44733 | Vaults:2 | XOM: 2-stop teleportation journey
 44736 | Vaults:2 | XOM: confuse monster(s)
 44771 | Vaults:2 | XOM: noise
 44773 | Vaults:2 | XOM: cast spell 'Summon Mana Viper'
 44808 | Vaults:2 | XOM: divination: magic mapping
 44838 | Vaults:2 | XOM: silly message
 44906 | Vaults:2 | XOM: divination: detect items
 44920 | Vaults:2 | XOM: give mutations
 44920 | Vaults:2 | Gained mutation: Your skin changes colour to match your
                  | surroundings (Stealth+). [Xom's grace]
 44920 | Vaults:2 | Gained mutation: You passively dampen the noise of your
                  | surroundings. [Xom's grace]
 45110 | Vaults:2 | XOM: scenery: 2 doors open
 45116 | Vaults:2 | XOM: potion effect (brilliance)
 45166 | Vaults:2 | XOM: 2-stop teleportation journey
 45226 | Vaults:2 | XOM: potion effect (brilliance)
 45363 | Vaults:2 | XOM: potion effect (invisibility)
 45370 | Vaults:2 | Reached skill level 19 in Fighting
 45433 | Vaults:2 | Reached skill level 18 in Armour
 45482 | Vaults:2 | Found a staircase to the Crypt.
 45489 | Vaults:2 | XOM: cast spell 'Summon Ice Beast'
 45507 | Vaults:2 | XOM: divination: magic mapping
 45531 | Vaults:2 | XOM: summons friendly quasit
 45676 | Vaults:2 | XOM: 3-stop teleportation journey
 45695 | Vaults:2 | Found a transporter.
 45701 | Vaults:2 | Found a transporter.
 45704 | Vaults:2 | Noticed eruonna's ghost (veteran HOBe)
 45705 | Vaults:2 | Found a bloodstained altar of Trog.
 45975 | Vaults:2 | XOM: scenery: 1 doors close
 46021 | Vaults:2 | Identified the +7 quick blade "Ukhy" {venom, +Blink rCorr
                  | Str+3 Int-2} (Xom gifted it to you on level 2 of the
                  | Vaults)
 46021 | Vaults:2 | XOM: god gift: +7 quick blade "Ukhy" {venom, +Blink rCorr
                  | Str+3 Int-2}
 46126 | Vaults:2 | XOM: summons friendly shadow imp
 46237 | Vaults:2 | XOM: scenery: 1 doors close
 46252 | Vaults:2 | XOM: summons friendly chaos spawn
 46256 | Vaults:2 | XOM: summons 2 friendly demons
 46333 | Vaults:2 | Found Nuigrale's Assorted Antiques.
 46340 | Vaults:2 | Bought a wand of paralysis (6) for 532 gold pieces
 46519 | Vaults:3 | XOM: noise
 46524 | Vaults:3 | XOM: potion effect (brilliance)
 46566 | Vaults:3 | XOM: enchant monster (good)
 46568 | Vaults:3 | XOM: chaos upgrade
 46579 | Vaults:3 | XOM: silly message
 46597 | Vaults:3 | XOM: divination: magic mapping
 46696 | Vaults:3 | Identified the amulet "Lyff" {Faith Will+ Regen+ Dex-5}
 46708 | Vaults:3 | Reached skill level 15 in Polearms
 46883 | Vaults:3 | XOM: summons 5 hostile demons
 46887 | Vaults:3 | Reached XP level 23. HP: 155/155 MP: 45/45
 46927 | Vaults:3 | XOM: confusion
 46928 | Vaults:3 | XOM: cast spell 'Chain of Chaos'
 46931 | Vaults:3 | XOM: divine lightning
 46936 | Vaults:3 | XOM: cast spell 'Dispersal'
 47137 | Vaults:3 | XOM: 1-stop teleportation journey
 47147 | Vaults:3 | XOM: noise
 47175 | Vaults:3 | XOM: potion effect (haste)
 47204 | Vaults:3 | Reached skill level 14 in Spellcasting
 47287 | Vaults:3 | You are sucked into a shaft and drop 1 floor!
 47376 | Vaults:3 | XOM: divination: detect creatures
 47430 | Vaults:3 | XOM: divination: magic mapping
 47476 | Vaults:3 | XOM: draining
 47498 | Vaults:3 | XOM: polymorph dire elephant -> iron troll
 47855 | Vaults:3 | XOM: cloud trail
 47965 | Vaults:4 | XOM: fog
 47977 | Vaults:4 | XOM: god gift: +10 dark maul {heavy}
 47978 | Vaults:4 | Found the +10 dark maul {heavy}
 48031 | Vaults:4 | XOM: cast spell 'Dispersal'
 48187 | Vaults:4 | XOM: scenery: 2 doors open, 1 doors close
 48344 | Vaults:4 | Reached skill level 19 in Armour
 48491 | Vaults:4 | XOM: scenery: 3 doors open, 1 doors close
 48747 | Vaults:4 | XOM: silly message
 48749 | Vaults:4 | XOM: polymorph yaktaur captain -> swamp dragon
 48766 | Vaults:4 | XOM: cleaving
 48781 | Vaults:4 | XOM: divination: detect items
 48793 | Vaults:4 | Reached skill level 16 in Polearms
 48801 | Vaults:4 | XOM: silly message
 48851 | Vaults:4 | Reached skill level 20 in Fighting
 48950 | Vaults:4 | XOM is BORED!
 48985 | Vaults:4 | XOM: noise
 49142 | Vaults:4 | Found Koipn's Assorted Antiques.
 49146 | Vaults:4 | Bought a scroll of teleportation for 117 gold pieces
 49365 | Depths:1 | Entered Level 1 of the Depths
 49369 | Depths:1 | XOM: polymorph cyan very ugly thing -> white very ugly
                  | thing
 49443 | Depths:1 | Found a basalt altar of Yredelemnul.
 49614 | Depths:1 | XOM: enchant monster (bad)
 49621 | Depths:1 | XOM: give mutations
 49621 | Depths:1 | Lost mutation: You have an increased reservoir of magic.
                  | (+10% MP) [Xom's mischief]
 49621 | Depths:1 | Lost mutation: Your flesh is almost immune to the effects
                  | of cold. (rC+++) [Xom's mischief]
 49621 | Depths:1 | Lost mutation: Your muscles are very strong. (Str +8,
                  | Int/Dex -2) [Xom's mischief]
 49690 | D:15     | XOM: give mutations
 49690 | D:15     | Lost mutation: You have supernaturally acute eyesight.
                  | (SInv) [Xom's mischief]
 49690 | D:15     | Lost mutation: You passively dampen the noise of your
                  | surroundings. [Xom's mischief]
 49690 | D:15     | Lost mutation: You are completely covered in iridescent
                  | scales. (AC +6) [Xom's mischief]
 49726 | D:15     | XOM: confusion
 49736 | D:15     | Killed Roxanne
 49870 | Depths:1 | XOM: summons 1 hostile demon
 49878 | Depths:1 | Gained mutation: Armour fits poorly on your strangely
                  | shaped body. [a neqoxec]
 49891 | Depths:1 | XOM: silly message
 50045 | Depths:1 | Lost mutation: Your spells are a little harder to cast, but
                  | a little more powerful. [potion of mutation]
 50045 | Depths:1 | Lost mutation: Your flesh is very cold resistant. (rC++)
                  | [potion of mutation]
 50045 | Depths:1 | Lost mutation: Your system is resistant to poisons. (rPois)
                  | [potion of mutation]
 50046 | Depths:1 | Lost mutation: Your skin changes colour to match your
                  | surroundings (Stealth+). [potion of mutation]
 50046 | Depths:1 | Lost mutation: Your muscles are strong. (Str +4, Int/Dex
                  | -1) [potion of mutation]
 50046 | Depths:1 | Lost mutation: You are mostly covered in iridescent scales.
                  | (AC +4) [potion of mutation]
 50046 | Depths:1 | Gained mutation: You passively map a small area around you.
                  | [potion of mutation]
 50046 | Depths:1 | Gained mutation: You are weak. (Str -2) [potion of
                  | mutation]
 50047 | Depths:1 | Lost mutation: Your flesh is cold resistant. (rC+) [potion
                  | of mutation]
 50047 | Depths:1 | Lost mutation: Armour fits poorly on your strangely shaped
                  | body. [potion of mutation]
 50047 | Depths:1 | Gained mutation: You possess an exceptional clarity of
                  | mind. [potion of mutation]
 50062 | Depths:1 | Found a one-way gateway to a ziggurat.
 50113 | Depths:1 | XOM: 3-stop teleportation journey
 50272 | D:13     | XOM: torment (104/156 hp)
 50357 | D:10     | You paid a toll of 4 scrolls of fear to enter a treasure
                  | trove
 50358 | Trove    | Entered a treasure trove
 50363 | Trove    | Found the +5 Storm Queen's Shield {shock, Fly rElec}
 50363 | Trove    | Found the +2 shield of Resistance {rF++ rC++ Will++}
 50371 | Trove    | Identified the -2 pair of gloves of Fuory {SInv}
 50372 | Trove    | Identified the ring of Miriufyu {Wiz rF+ Stlth+}
 50382 | Trove    | Identified the +10 sling "Gata" {drain, ^Drain rCorr Dex+6
                  | Stlth+}
 50492 | D:13     | XOM: give mutations
 50492 | D:13     | Gained mutation: You have hidden genetic potential. [Xom's
                  | mischief]
 50492 | D:13     | Gained mutation: Your flesh is cold resistant. (rC+) [Xom's
                  | mischief]
 50492 | D:13     | Lost mutation: Your flesh is cold resistant. (rC+) [Xom's
                  | mischief]
 50537 | D:15     | Bought a +5 ring of evasion for 576 gold pieces
 50885 | Depths:1 | XOM: polymorph rakshasa -> wendigo
 50910 | Depths:1 | Found a one-way gate to the infinite horrors of the Abyss.
 51129 | Depths:1 | XOM: silly message
 51160 | Depths:1 | XOM: divination: magic mapping
 51194 | Depths:1 | XOM: chaos cloud
 51330 | Depths:2 | XOM: blink monster(s)
 51334 | Depths:2 | XOM: blink monster(s)
 51337 | Depths:1 | XOM: summons 4 hostile demons
 51354 | Depths:2 | XOM: chaos upgrade
 51440 | Depths:2 | XOM: blink monster(s)
 51470 | Depths:2 | XOM: silly message
 51493 | Depths:2 | XOM: summons 4 hostile shadow creatures
 51494 | Depths:2 | XOM: chaos cloud
 51531 | Depths:1 | XOM: cloud trail
 51594 | Depths:2 | Reached skill level 17 in Polearms
 51629 | Depths:2 | XOM: scenery: create altars
 51736 | Depths:2 | Found a one-way gate leading to the halls of Pandemonium.
 51780 | Depths:2 | XOM: enchant monster (good)
 52003 | Depths:2 | Noticed a caustic shrike
 52003 | Depths:2 | Noticed a caustic shrike
 52003 | Depths:2 | Noticed a caustic shrike
 52003 | Depths:2 | Noticed a caustic shrike
 52003 | Depths:2 | Noticed a caustic shrike
 52015 | Depths:2 | Reached skill level 20 in Armour
 52031 | Depths:2 | XOM: confuse monster(s)
 52163 | Depths:2 | XOM: scenery: 2 doors open
 52164 | Depths:2 | a caustic shrike changed into a glowing shapeshifter
 52164 | Depths:2 | XOM: polymorph caustic shrike -> glowing shapeshifter
 52166 | Depths:2 | an iron giant changed into a juggernaut
 52166 | Depths:2 | Noticed a juggernaut (glowing shapeshifter)
 52167 | Depths:2 | Reached XP level 24. HP: 163/163 MP: 42/42
 52171 | Depths:2 | a juggernaut changed into an acid blob
 52175 | Depths:2 | XOM: divination: detect items
 52182 | Depths:2 | Killed a caustic shrike
 52184 | Depths:2 | XOM: summons friendly ufetubus
 52187 | Depths:2 | an acid blob changed into a caustic shrike
 52187 | Depths:2 | Noticed a caustic shrike (glowing shapeshifter)
 52188 | Depths:2 | a caustic shrike changed into a sphinx
 52189 | Depths:2 | a sphinx changed into a caustic shrike
 52189 | Depths:2 | Noticed a caustic shrike (glowing shapeshifter)
 52205 | Depths:2 | a caustic shrike changed into a white very ugly thing
 52206 | Depths:2 | Killed a caustic shrike
 52212 | Depths:2 | Killed a caustic shrike
 52223 | Depths:2 | Killed a caustic shrike
 52243 | Depths:2 | Reached skill level 18 in Polearms
 52249 | Depths:2 | XOM: confuse monster(s)
 52312 | Depths:2 | XOM: give mutation
 52312 | Depths:2 | Gained mutation: You expend magic power (3 MP) to
                  | strengthen your wands. [Xom's grace]
 52333 | Depths:2 | XOM: cloud trail
 52620 | Depths:2 | XOM: god gift: scroll of poison
 52762 | Depths:2 | XOM: noise
 52823 | Depths:2 | Found a radiant altar of Vehumet.
 52832 | Depths:2 | XOM: summons 2 hostile shadow creatures
 52863 | Depths:2 | XOM: swap monsters
 53019 | Depths:2 | XOM: swap monsters
 53142 | Depths:3 | Noticed Boris
 53143 | Depths:3 | XOM: stat loss: -1 Int (18/19)
 53164 | Depths:2 | Killed Boris
 53168 | Depths:2 | XOM: torment (128/244 hp)
 53170 | Depths:2 | Reached skill level 19 in Polearms
 53805 | Depths:2 | XOM: chaos upgrade
 54003 | Depths:2 | Found a radiant altar of Vehumet.
 54115 | Depths:2 | Found a shimmering altar of Xom.
 54116 | Depths:2 | Found a shimmering altar of Xom.
 54118 | Depths:2 | Found a shimmering altar of Xom.
 54123 | Depths:2 | Found a shimmering altar of Xom.
 54125 | Depths:2 | Found a shimmering altar of Xom.
 54125 | Depths:2 | Found a shimmering altar of Xom.
 54127 | Depths:2 | Found a one-way gate leading to the halls of Pandemonium.
 54127 | Depths:2 | XOM: 10-stop teleportation journey
 54476 | Depths:2 | XOM: summons 13 hostile demons
 54581 | Depths:3 | XOM: blink monster(s)
 54584 | Depths:2 | XOM: blink monster(s)
 54586 | Depths:2 | XOM: potion effect (invisibility)
 54597 | Depths:2 | XOM: divination: magic mapping
 54641 | Depths:3 | XOM: silly message
 54809 | Depths:3 | XOM: noise
 54868 | Depths:3 | Reached skill level 20 in Polearms
 55314 | Depths:3 | XOM: potion effect (curing)
 55321 | Depths:3 | XOM: polymorph polar bear -> bullfrog
 55323 | Depths:3 | Noticed a caustic shrike
 55324 | Depths:3 | Noticed an ancient lich
 55325 | Depths:3 | XOM: enchant monster (bad)
 55327 | Depths:3 | Killed a caustic shrike
 55335 | Depths:3 | Noticed a caustic shrike
 55339 | Depths:3 | Killed an ancient lich
 55349 | Depths:3 | XOM: cast spell 'Alistair's Intoxication'
 55352 | Depths:3 | Killed a caustic shrike
 55502 | Depths:3 | XOM: silly message
 55527 | Depths:3 | Reached skill level 21 in Polearms
 55752 | Depths:4 | Entered Level 4 of the Depths
 55758 | Depths:4 | Noticed Parghit
 55765 | Depths:4 | Parghit changed into Parghit the titan
 55765 | Depths:4 | Noticed Parghit
 55778 | Depths:4 | Killed Parghit the titan
 55858 | Depths:4 | XOM: confuse monster(s)
 55859 | Depths:4 | XOM: noise
 55861 | Depths:4 | XOM: potion effect (brilliance)
 56136 | Depths:4 | XOM: potion effect (brilliance)
 56145 | Depths:4 | XOM: potion effect (might)
 56296 | Depths:4 | XOM: cast spell 'Monstrous Menagerie'
 56440 | Depths:4 | XOM: chaos upgrade
 56646 | Depths:4 | XOM: divination: magic mapping
 56697 | Depths:4 | Reached XP level 25. HP: 157/168 MP: 34/42
 56750 | Depths:4 | Found a gate to the Realm of Zot.
 56767 | Depths:4 | XOM: silly message
 56775 | Depths:4 | Reached skill level 22 in Polearms
 56780 | Depths:4 | XOM: potion effect (berserk rage)
 56788 | Depths:4 | XOM: silly message
 56844 | Depths:4 | XOM: 1-stop teleportation journey
 56845 | Depths:4 | XOM: cast spell 'Animate Armour'
 56898 | Depths:4 | Found a huge runed translucent gate.
 56898 | Depths:4 | Found a huge runed translucent gate.
 56898 | Depths:4 | Found a huge runed translucent gate.
 56898 | Depths:4 | Found a huge runed translucent gate.
 56898 | Depths:4 | Found a huge runed translucent gate.
 56898 | Depths:4 | Found a huge runed translucent gate.
 56898 | Depths:4 | Found a huge runed translucent gate.
 56898 | Depths:4 | Found a huge runed translucent gate.
 56899 | Depths:4 | Found a huge runed translucent gate.
 56899 | Depths:4 | Found a huge runed translucent gate.
 56900 | Depths:4 | Found a huge runed translucent gate.
 56900 | Depths:4 | Found a huge runed translucent gate.
 56900 | Depths:4 | Found a huge runed translucent gate.
 56902 | Depths:4 | Found a huge runed translucent gate.
 56906 | Depths:4 | Found a huge runed translucent gate.
 56907 | Depths:4 | Found a huge runed translucent gate.
 56908 | Depths:4 | Found a huge runed translucent gate.
 56908 | Depths:4 | Found a huge runed translucent gate.
 56910 | Depths:4 | Found a huge runed translucent gate.
 56911 | Depths:4 | Found a huge runed translucent gate.
 56912 | Depths:4 | Found a huge runed translucent gate.
 56922 | Depths:4 | Noticed a juggernaut
 56922 | Depths:4 | Noticed a juggernaut
 56925 | Depths:4 | Found a huge runed translucent gate.
 56925 | Depths:4 | Found a huge runed translucent gate.
 56930 | Depths:4 | Found a huge runed translucent gate.
 56931 | Depths:4 | Found a huge runed translucent gate.
 56931 | Depths:4 | Found a huge runed translucent gate.
 56931 | Depths:4 | Found a huge runed translucent gate.
 56931 | Depths:4 | Found a huge runed translucent gate.
 56933 | Depths:4 | Found a huge runed translucent gate.
 56934 | Depths:4 | Found a huge runed translucent gate.
 56935 | Depths:4 | Found a huge runed translucent gate.
 56935 | Depths:4 | Found a huge runed translucent gate.
 56940 | Depths:4 | Found a huge runed translucent gate.
 56941 | Depths:4 | Found a huge runed translucent gate.
 56941 | Depths:4 | Found a huge runed translucent gate.
 56941 | Depths:4 | Found a huge runed translucent gate.
 57322 | Vaults:5 | Entered Level 5 of the Vaults
 57324 | Vaults:5 | XOM: summons 2 friendly demons
 57403 | Vaults:5 | XOM: 4-stop teleportation journey
 57406 | Vaults:5 | Noticed Xtahua
 57415 | Vaults:5 | XOM: polymorph vault warden -> tyrant leech
 57458 | Vaults:5 | XOM: cast spell 'Metabolic Englaciation'
 57498 | Vaults:5 | XOM: god gift: wand of paralysis (4)
 57530 | Vaults:5 | Reached skill level 23 in Polearms
 57561 | Vaults:5 | Noticed a dread lich
 57561 | Vaults:5 | XOM: 1-stop teleportation journey
 57564 | Vaults:5 | XOM: enchant monster (bad)
 57598 | Vaults:5 | XOM: swap monsters
 57610 | Vaults:5 | Killed a dread lich
 57613 | Vaults:5 | XOM: scenery: 1 doors close
 57648 | Vaults:5 | XOM: cleaving
 57652 | Vaults:5 | XOM: divination: detect creatures
 57685 | Vaults:5 | Identified the +7 long sword of Darkness {antimagic, Str+2
                  | Dex+9}
 57688 | Vaults:5 | XOM: scenery: 2 doors close
 57689 | Vaults:5 | XOM: scenery: 1 doors open, 2 doors close
 57698 | Vaults:5 | Identified the +6 arbalest of Demonkind {freeze, Stlth+}
 57698 | Vaults:5 | Identified the +5 dagger "Tengu's Peril" {freeze, *Rage
                  | Str+5 Int+5}
 57699 | Vaults:5 | XOM: summons friendly shadow imp
 57853 | Vaults:5 | Identified the ring "Nammaruv" {rPois rC++ rN+ Str-2}
 57904 | Vaults:5 | XOM: confuse monster(s)
 57910 | Vaults:5 | Reached skill level 24 in Polearms
 58084 | Vaults:5 | XOM: fog
 58173 | Vaults:5 | XOM: cleaving
 58214 | Vaults:5 | XOM: scenery: create altars
 58220 | Vaults:5 | Identified the staff "Qadeduqi" {^Fragile Int+6 Stlth+
                  | Conj} (Xom gifted it to you on level 5 of the Vaults)
 58220 | Vaults:5 | XOM: god gift: staff "Qadeduqi" {^Fragile Int+6 Stlth+
                  | Conj}
 58341 | Vaults:5 | XOM: scenery: create altars
 58343 | Vaults:5 | Killed Xtahua
 58355 | Vaults:5 | XOM: god gift: 2 datura-tipped darts
 58362 | Vaults:5 | XOM: divination: detect creatures
 58565 | Vaults:5 | XOM: 2-stop teleportation journey
 58596 | Vaults:5 | XOM: cleaving
 58688 | Vaults:5 | Reached skill level 25 in Polearms
 58718 | Vaults:5 | XOM: god gift: hand axe {god gift}
 58745 | Vaults:5 | XOM: polymorph orc knight -> acid dragon
 58766 | Vaults:5 | XOM: fake destruction
 58795 | Vaults:5 | Identified the +1 spear of Defiance {venom, rCorr}
 58855 | Vaults:5 | Got a silver rune of Zot
 59265 | Vaults:5 | Identified the +1 long sword of Pinaoz {venom, rPois}
 59334 | Vaults:5 | XOM: stat loss: -1 Str (12/13)
 59545 | Vaults:5 | XOM: cast spell 'Animate Armour'
 59750 | Zot:1    | Entered Level 1 of the Realm of Zot
 59863 | Zot:1    | Identified the amulet of the Moon {Spirit Will++ Str+2
                  | Stlth-}
 59895 | Zot:1    | XOM: give mutations
 59895 | Zot:1    | Lost mutation: You are partially covered in iridescent
                  | scales. (AC +2) [Xom's mischief]
 59895 | Zot:1    | Lost mutation: You expend magic power (3 MP) to strengthen
                  | your wands. [Xom's mischief]
 59895 | Zot:1    | Lost mutation: You are weak. (Str -2) [Xom's mischief]
 59895 | Zot:1    | Gained mutation: You sometimes lose the ability to read
                  | scrolls when taking damage. [Xom's mischief]
 59897 | Zot:1    | XOM: enchant monster (bad)
 60043 | Zot:1    | You are sucked into a shaft and drop 1 floor!
 60049 | Zot:2    | Reached XP level 26. HP: 152/174 MP: 42/42
 60051 | Zot:2    | Found a white marble altar of Elyvilon.
 60214 | Zot:2    | Found a glowing golden altar of the Shining One.
 60301 | Zot:2    | Found a glowing silver altar of Zin.
 60503 | Zot:1    | XOM: draining
 60534 | Zot:1    | XOM: noise
 60562 | Zot:1    | XOM: potion effect (haste)
 60566 | Zot:1    | Reached skill level 26 in Polearms
 60959 | Zot:1    | XOM: divination: magic mapping
 61211 | Zot:1    | XOM: cast spell 'Animate Armour'
 61583 | Zot:2    | XOM: silly message
 61598 | Zot:2    | XOM: silly message
 61779 | Zot:2    | Found a transporter.
 61843 | Zot:2    | XOM: potion effect (curing)
 61868 | Zot:2    | XOM: potion effect (invisibility)
 62031 | Zot:2    | XOM: cloud trail
 62035 | Zot:2    | XOM: noise
 62046 | Zot:2    | XOM: cast spell 'Summon Small Mammal'
 62077 | Zot:2    | XOM: divination: detect creatures
 62248 | Zot:2    | XOM: noise
 62345 | Zot:2    | XOM: divination: detect items
 62445 | Zot:2    | XOM: silly message
 62551 | Zot:2    | Found a transporter.
 62917 | Zot:3    | XOM: potion effect (brilliance)
 62919 | Zot:3    | XOM: potion effect (curing)
 62941 | Zot:3    | XOM: silly message
 62975 | Zot:3    | Reached skill level 27 in Polearms
 63068 | Zot:3    | XOM: potion effect (invisibility)
 63092 | Zot:3    | XOM: silly message
 63094 | Zot:3    | XOM: silly message
 63106 | Zot:3    | XOM: give mutations
 63106 | Zot:3    | Lost mutation: You have hidden genetic potential. [Xom's
                  | mischief]
 63106 | Zot:3    | Lost mutation: You possess an exceptional clarity of mind.
                  | [Xom's mischief]
 63106 | Zot:3    | Lost mutation: You sometimes lose the ability to read
                  | scrolls when taking damage. [Xom's mischief]
 63188 | Zot:3    | XOM: 2-stop teleportation journey
 63191 | Zot:3    | XOM: confusion
 63358 | Zot:3    | Lost mutation: You occasionally lose the ability to read
                  | scrolls when taking damage. [potion of mutation]
 63358 | Zot:3    | Lost mutation: You are agile. (Dex +4, Str/Int -1) [potion
                  | of mutation]
 63358 | Zot:3    | Gained mutation: You occasionally lose the ability to read
                  | scrolls when taking damage. [potion of mutation]
 63359 | Zot:3    | Lost mutation: You occasionally lose the ability to read
                  | scrolls when taking damage. [potion of mutation]
 63359 | Zot:3    | Lost mutation: Your mind is very acute. (Int +8, Str/Dex
                  | -2) [potion of mutation]
 63359 | Zot:3    | Gained mutation: You are agile. (Dex +4, Str/Int -1)
                  | [potion of mutation]
 63359 | Zot:3    | Gained mutation: Your movements are slightly less
                  | encumbered by armour. (ER -2) [potion of mutation]
 63372 | Zot:3    | XOM: cleaving
 63622 | Zot:3    | XOM: cloud trail
 63687 | Zot:3    | XOM: 1-stop teleportation journey
 63730 | Zot:3    | XOM: confuse monster(s)
 63764 | Zot:3    | Gained mutation: Your spells are a little easier to cast,
                  | but a little less powerful. [mutagenic glow]
 63943 | Zot:3    | XOM: stat loss: -1 Int (10/11)
 64000 | Zot:3    | Reached skill level 18 in Dodging
 64440 | Zot:3    | XOM: potion effect (invisibility)
 64570 | Zot:3    | XOM: enchant monster (good)
 64646 | Zot:3    | XOM: cloud trail
 64727 | Zot:3    | XOM: god gift: amulet of guardian spirit
 64777 | Zot:3    | XOM: silly message
 65356 | Zot:4    | XOM: scenery: create altars
 65365 | Zot:4    | XOM: enchant monster (good)
 65481 | Zot:4    | XOM: potion effect (might)
 65566 | Zot:4    | Reached XP level 27. HP: 126/180 MP: 28/42
 65579 | Zot:4    | XOM: smoke on damage
 65592 | Zot:4    | XOM: cast spell 'Alistair's Intoxication'
 65961 | Zot:4    | XOM: summons friendly crimson imp
 65976 | Zot:4    | XOM: fog
 66007 | Zot:4    | Identified the +1 ring mail of Dithmenos's Outrage {Slay+5}
 66076 | Zot:4    | XOM: potion effect (attraction)
 66095 | Zot:4    | Reached skill level 15 in Spellcasting
 66338 | Zot:5    | XOM: stealth player
 66338 | Zot:5    | Entered Level 5 of the Realm of Zot
 66354 | Zot:5    | XOM: summons friendly ufetubus
 66365 | Zot:5    | XOM: stat loss: -1 Str (19/20)
 66465 | Zot:5    | XOM: divine lightning
 66473 | Zot:5    | XOM: noise
 66480 | Zot:5    | XOM: confusion
 66496 | Zot:5    | XOM: chaos upgrade
 66511 | Zot:5    | XOM: cleaving
 66524 | Zot:5    | Reached skill level 21 in Armour
 66745 | Zot:5    | XOM: swap monsters
 66844 | Zot:5    | XOM: god gift: scroll of fear
 67050 | Zot:5    | XOM: summons 4 hostile shadow creatures
 67052 | Zot:5    | XOM: polymorph moth of wrath -> ettin
 67317 | Zot:5    | XOM: polymorph golden dragon -> titan
 67466 | Zot:5    | Reached skill level 19 in Dodging
 67488 | Zot:5    | Reached skill level 21 in Fighting
 67502 | Zot:5    | XOM: divine lightning
 67573 | Zot:5    | Noticed an orb of fire
 67579 | Zot:5    | Got the Orb of Zot
 67580 | Zot:5    | XOM: god gift: 44 gold pieces
 67674 | Zot:2    | XOM: noise
 67863 | D:13     | XOM: polymorph Orb Guardian -> glowing shapeshifter
 67924 | D:11     | Noticed Muikishru the pandemonium lord
 67939 | D:10     | Noticed Zulainl Saus the pandemonium lord
 67956 | D:9      | XOM: enchant monster (good)
 68011 | D:6      | Noticed Vuiqufai the pandemonium lord
 68119 | D:1      | XOM: god gift: 3 stones
 68123 | D:$      | Escaped with the Orb!

Illustrated notes

Levels and vault maps discovered:
D:1:      spicycebolla_arrival_xxxplode, layout_loops_cross, serial_shops,
          nicolae_diamond_shop
D:2:      layout_loops_ring, minmay_domino_2
D:3:      layout_loops_ring, mainiacjoe_overflow_concentric_impassable,
          jmf_multi_god_temple2, gammafunk_ghost_smash, uniq_terence
D:4:      layout_basic, hellmonk_sif_muna_bookshelves
D:5:      layout_basic
D:6:      layout_loops_cross, gup_sewer_entry_spiral, st_stairs_9
D:7:      layout_cave_pools, mainiacjoe_overflow_alcove_1,
          minmay_temple_entry_large_hall, serial_bayou_pond_e,
          uniq_crazy_yiuf_cottage, uniq_maggie
D:8:      minmay_the_grid_four_pointed_star [minmay_the_grid_triangle_9x9_cache,
          minmay_the_grid_triangle_9x9_fully_insulated_deathbox,
          minmay_the_grid_triangle_9x9_longest,
          minmay_the_grid_triangle_9x9_impossible_snake,
          minmay_the_grid_prize_trominoes], layout_basic,
          nicolae_kikubaaqudgha_miasma_corner, minmay_lair_entry_lava,
          kennysheep_diamond, reono_crystal_passage, david_defended_altar_orc
D:9:      layout_roguey, lemuel_tele_altar, mainiacjoe_overflow_chevrons,
          zombieorc1_lemuel
D:10:     layout_layer_cave, kennysheep_little_box, lemuel_round_altar,
          serial_library, serial_library_regret_index_headful,
          serial_library_hellmonk_u_bend, serial_library_hellmonk_narrow_alcove,
          serial_library_hellmonk_octagon, gammafunk_ghost_icy, enter_trove_3
D:11:     layout_cave_pools, gammafunk_ghost_grave,
          fedhas_bush_and_centaur_altar
D:12:     evilmike_horseshoe, layout_basic, portal_ice_cave_rime,
          nicolae_shop_gadgets, uniq_psyche
D:13:     layout_basic, erik_vaults_1, serial_shops,
          nicolae_shop_overgrown_old_shop, nicolae_shop_behind_doors,
          nicolae_shop_stone, shop, nicolae_shop_statue_plus
D:14:     layout_loops_cross, serial_co_window_serial, co_window_corner_a,
          co_window_paths_b, co_window_corner_a, co_window_corner_a,
          co_window_corner_a, co_window_cross_3, co_window_of_opportunity_b,
          co_window_cross_3, co_window_corner_b, co_window_corner_cb,
          co_window_broadway_c, co_window_4corner_a, co_window_paths_e,
          glass_columns_a, glass_columns_b, glass_columns_a, uniq_frances
D:15:     gammafunk_enter_depths_forms, layout_stronghold, serial_shops, shop,
          nemelex_altar_shiori, chequers_serial_rivers_micro_d, uniq_josephine,
          uniq_roxanne, uniq_nessos
Lair:1:   layout_long_grid, special_room [special_room_bee]
Lair:2:   layout_roguey, alex1729_swamp_entry_worm_eleionoma,
          nicolae_spider_entry_orb_guardian, serial_forest,
          infiniplex_forest_clump_diagonal, infiniplex_forest_clump_curved,
          infiniplex_forest_clump_curved, infiniplex_forest_diagonal,
          nicolae_volcano_entry_s_turn, minmay_holes, cheibrodos_lair_lostbears,
          uniq_erica, uniq_fannar
Lair:3:   layout_hall_layers, worms_lemuel
Lair:4:   layout_layer_cave, serial_bayou_shore_b
Lair:5:   evil_forest, layout_cave_pods, dpeg_slime_entry_enclosed, st_stairs_3,
          lemuel_fruit_fields, lemuel_fruit_tree, infiniplex_staircase_pool_2,
          lemuel_fruit_fields
Swamp:1:  layout_basic_swamp, hangedman_swamp_cone
Swamp:2:  layout_basic_swamp, nicolae_swamp_trees_clearing,
          nicolae_swamp_nymph_family_reunion
Swamp:3:  layout_basic_swamp, evilmike_swamp_ruin_rubble_1, uniq_mlioglotl
Swamp:4:  swamp, layout_basic_swamp, nicolae_swamp_tree_isthmus
Spider:1: layout_spider_delve, nicolae_spider_wall_of_niches
Spider:2: layout_spider_delve, guppyfry_spider_mini_1
Spider:3: layout_spider_delve
Spider:4: grunt_spider_rune_parallel, nicolae_spider_world_wide_web
Orc:1:    layout_caves, basic_altar, lightli_church_of_beogh
Orc:2:    st_orc_open, layout_caves, maelrawn_ghost_gauntlet_escape,
          mines1_david, uniq_sonja
Elf:1:    layout_loops_corners, serial_shops,
          nicolae_shop_competitors_out_of_business, ebering_ghost_disaster_area,
          evilmike_minifort
Elf:2:    nicolae_elf_blades_splatter_lattice [grunt_blade_entry_basic],
          layout_geoelf_diagonals, due_unseen_surprise
Elf:3:    elf_hall, layout_geoelf_octagon, palyth_stone_intersect,
          nicolae_elf_double_double_double_trouble, uniq_bai_suzhen
Vaults:1: mu_enter_wizlab_2, nicolae_vaults_storage_closets_3,
          nicolae_vaults_trapezoid_lopsided_2, v_rooms_3,
          nicolae_vaults_trapezoid_lopsided_4, nicolae_vaults_little_ls,
          nicolae_vaults_closet_pinwheel_1, ontoclasm_vaults_ligature,
          v_misc_30, nicolae_vaults_trapezoid_lopsided_2, vaults_dpeg_cross,
          nicolae_vaults_what_the_h, hangedman_vaults_pinch,
          layout_vaults_omnibox, uniq_donald
Vaults:2: gammafunk_ghost_wrathful_warriors, ontoclasm_vaults_spin,
          nicolae_vaults_spaceships, st_eye, nicolae_vaults_oval_intersection,
          v_alt_pattern_2, minmay_crypt_entry_nasty_monster,
          nicolae_vaults_mini_display_case, nicolae_vaults_tetromino_Z_1,
          grunt_vaults_hallway_long, ontoclasm_vaults_ring_large,
          nicolae_vaults_sesquioval_fish, layout_vaults_maze, serial_shops,
          shop_statue
Vaults:3: nicolae_vaults_trapezoid_lopsided_2, v_rooms_5,
          nicolae_vaults_wrenched, nicolae_vaults_yaktaur_gun_rack,
          nicolae_vaults_circle_grid_b, ontoclasm_vaults_chip,
          nicolae_vaults_door_testing_chamber, nicolae_vaults_statue_guard,
          nicolae_vaults_turnstiles, layout_vaults_big_room
Vaults:4: vaults_mumra_minichess_inversion, nicolae_vaults_circle_grid_a,
          nicolae_vaults_ellipses_ellipsis, hangedman_vaults_nodes,
          vaults_room_door_ring, vaults_room_pools,
          nicolae_vaults_shipping_containers_3, vaults_room_fancy_cross,
          vaults_standard_mumra_x, hangedman_vaults_nails,
          nicolae_vaults_diamond_1, layout_vaults_big_cross, serial_shops,
          nicolae_shop_back_alley_shop
Vaults:5: serial_shops, uniq_xtahua
Depths:1: layout_cave_pools, enter_ziggurat_a, abyss_entry_small_statue_room,
          lemuel_statue_altar, hell_entry, kennysheep_generic_room_12
Depths:2: tekkud_shrikecote, layout_twisted_cross, grunt_metal_band,
          grunt_pan_entry_sceptre, minmay_misc_feat_pillars, fiery_altar_vehumet
Depths:3: thingy_vault, layout_cave_shapes, abyss_entry, hangedman_coc_ice_floe,
          rand_demon_pan_entry_1, uniq_boris
Depths:4: grunt_zot_entry_funnels, layout_cave_pools,
          chequers_hall_statues_corner_a, hell_entry, door_vault, uniq_parghit
Zot:1:    layout_concentric_octagons
Zot:2:    gammafunk_dig_for_victory, layout_cathedral_of_symmetry,
          regret_index_zotdec_alabaster_prism
Zot:3:    lemuel_acid_trip, layout_onion_interference
Zot:4:    layout_gridlike, regret_index_zotdec_barnacled_alternative,
          regret_index_zotdec_misc_clamp, st_small_dragon_hoard_3,
          regret_index_zotdec_split_disrupt
Zot:5:    layout_concentric_octagons

Skill      XL: |  1  2  3  4  5  6  7  8  9 10 11 12 13 14 15 16 17 18 19 20 21 22 23 24 25 26 27 |
---------------+----------------------------------------------------------------------------------+-----
Stealth        | 1 2 3 |  3.0
Shields        | 1 2 6 9 10 12 14 15 | 15.0
Short Blades   | 4 5 6 |  6.0
Fighting       | 4 5 6 8 9 10 11 12 14 16 17 18 19 20 21 | 21.1
Dodging        | 2 4 6 7 9 10 11 14 16 17 18 19 | 19.1
Polearms       | 2 6 9 10 12 14 15 17 21 25 27 | 27.0
Armour         | 3 4 6 7 9 12 14 16 17 18 20 21 | 21.3
Evocations     | 1 6 7 |  7.0
Throwing       | 4 5 6 7 10 13 15 16 | 16.0
Spellcasting   | 4 6 10 12 13 14 15 | 15.4

Action                     |  1- 3 |  4- 6 |  7- 9 | 10-12 | 13-15 | 16-18 | 19-21 | 22-24 | 25-27 || total
---------------------------+-------+-------+-------+-------+-------+-------+-------+-------+-------++-------
  Melee: Short sword       |   105 |    88 |     9 |       |       |       |       |       |       ||   202
         Kick              |    30 |    23 |    34 |   148 |   270 |   718 |   777 |  1540 |  1098 ||  4638
         Peck              |    13 |    11 |    26 |   106 |   136 |   453 |   500 |  1015 |   732 ||  2992
         Trident           |       |       |   212 |   583 |   678 |  1851 |  2016 |    64 |       ||  5404
         Demon trident     |       |       |       |       |       |       |    29 |  2814 |  2229 ||  5072
  Throw: Dart              |       |     4 |    12 |     1 |       |     5 |     2 |       |       ||    24
         Boomerang         |       |       |       |     4 |     4 |       |    14 |    36 |   239 ||   297
         Javelin           |       |       |       |       |       |       |     4 |    10 |     2 ||    16
  Evoke: Lightning rod     |       |       |       |       |       |     7 |     4 |     4 |       ||    15
         Wand              |       |       |       |       |       |     2 |    14 |    11 |    13 ||    40
         Tin of tremorston |       |       |       |       |       |     2 |     4 |     5 |     3 ||    14
         Sack of spiders   |       |       |       |       |       |     1 |       |     3 |     2 ||     6
         Phial of floods   |       |       |       |       |       |     1 |       |       |       ||     1
         Phantom mirror    |       |       |       |       |       |       |       |     2 |     1 ||     3
    Use: Scroll            |     2 |     3 |     1 |     7 |     6 |     6 |    14 |    15 |    21 ||    75
         Potion            |     1 |       |     4 |     1 |     3 |       |       |    10 |    12 ||    31
   Stab: Sleeping          |     6 |     5 |    14 |    11 |     4 |       |     1 |     1 |       ||    42
         Distracted        |     1 |       |     7 |     6 |       |     3 |     2 |     3 |     2 ||    24
         Confused          |       |       |     1 |     2 |     7 |    10 |    10 |    15 |     2 ||    47
         Paralysed         |       |       |       |     2 |       |       |    15 |     1 |     6 ||    24
         Petrified         |       |       |       |       |     2 |     3 |     3 |     2 |     5 ||    15
         Petrifying        |       |       |       |       |     2 |     1 |       |       |     1 ||     4
         Invisible         |       |       |       |       |     2 |       |     3 |    15 |    33 ||    53
         Held in net/web   |       |       |       |       |       |       |       |     2 |       ||     2
 Armour: Leather armour    |    27 |    15 |    45 |     1 |       |       |       |       |       ||    88
         Swamp dragon scal |       |       |       |   148 |    74 |       |       |       |       ||   222
         Plate armour      |       |       |       |       |    58 |   663 |   858 |  1119 |       ||  2698
         Gold dragon scale |       |       |       |       |       |       |       |    82 |   889 ||   971
  Dodge: Dodged            |    34 |    37 |    94 |   260 |   182 |   550 |   625 |  1202 |   882 ||  3866
  Block: Buckler           |    13 |     4 |    24 |    72 |       |       |       |       |       ||   113
         Kite shield       |       |       |       |    70 |   228 |   999 |  1012 |  1930 |  1238 ||  5477
         Reflection        |       |       |       |       |       |     9 |       |    59 |       ||    68

Table legend: (Time is in decaauts)
 A = Elapsed time spent in this place.
 B = Non-inter-level travel time spent in this place.
 C = Inter-level travel time spent in this place.
 D = Time resting spent in this place.
 E = Time spent auto-exploring this place.
 F = Levels seen in this place.
 G = Mean time per level.
                   A        B        C        D        E       F      G
               +--------+--------+--------+--------+--------+-----+--------+
         Total |  64862 |  59558 |   5304 |   7738 |  35557 |  52 | 1247.3 |
       Dungeon |  17665 |  14787 |   2878 |   1355 |   9765 |  15 | 1177.7 |
          Lair |   6168 |   5821 |    347 |    435 |   3889 |   5 | 1233.6 |
         Swamp |   3174 |   2993 |    181 |     28 |   2202 |   4 |  793.5 |
   Spider Nest |   3895 |   3692 |    203 |    689 |   2123 |   4 |  973.8 |
  Orcish Mines |   2154 |   1919 |    235 |    200 |   1223 |   2 | 1077.0 |
   Elven Halls |   6396 |   6118 |    278 |   1492 |   3050 |   3 | 2132.0 |
        Vaults |   8365 |   7821 |    544 |    283 |   4818 |   5 | 1673.0 |
        Depths |   6741 |   6357 |    384 |   1520 |   3146 |   4 | 1685.2 |
           Zot |   7442 |   7192 |    250 |    985 |   4432 |   5 | 1488.4 |
         Trove |     41 |     41 |      0 |      0 |      0 |   1 |   41.0 |
         Sewer |    585 |    585 |      0 |      0 |    411 |   1 |  585.0 |
      Ice Cave |    636 |    636 |      0 |      7 |    381 |   1 |  636.0 |
       Volcano |    227 |    227 |      0 |     30 |      9 |   1 |  227.0 |
        Wizlab |   1368 |   1368 |      0 |    711 |    107 |   1 | 1368.0 |
               +--------+--------+--------+--------+--------+-----+--------+

Top non-repeatable levels by time:
Depths:2: 2881 daAuts
   Elf:3: 2465 daAuts
   Elf:2: 2331 daAuts
     D:8: 2130 daAuts
Vaults:5: 2008 daAuts
   Zot:3: 1994 daAuts
    D:10: 1886 daAuts
Vaults:1: 1875 daAuts
Vaults:2: 1857 daAuts
    D:15: 1854 daAuts
  Lair:5: 1687 daAuts
   Zot:2: 1624 daAuts
   Elf:1: 1599 daAuts
Spider:4: 1498 daAuts
   Zot:4: 1450 daAuts

Table legend:
 A = Kills in this place as a percentage of kills in the entire game.
 B = Kills by you in this place as a percentage of kills by you in the entire game.
 C = Kills by friends in this place as a percentage of kills by friends in the entire game.
 D = Other kills in this place as a percentage of other kills in the entire game.
 E = Experience gained in this place as a percentage of experience gained in the entire game.
 F = Experience gained in this place divided by the number of levels of this place that you have seen.
                   A       B       C       D       E      F
               +-------+-------+-------+-------+-------+----------------------
         Total | 100.0 | 100.0 | 100.0 | 100.0 | 100.0 | 25040.5
       Dungeon |  19.8 |  20.1 |  18.4 |   3.4 |   5.9 | 5141.5
          Lair |  10.4 |  10.4 |   2.0 |  24.1 |   5.5 | 14397.8
         Swamp |   5.5 |   5.5 |   2.0 |   6.9 |   5.8 | 18830.0
   Spider Nest |   7.7 |   7.8 |   4.1 |   6.9 |   5.8 | 18797.8
  Orcish Mines |   5.4 |   5.1 |  26.5 |   0.0 |   2.2 | 14147.5
   Elven Halls |   8.6 |   8.5 |   4.1 |  17.2 |  10.6 | 46000.0
        Vaults |  19.4 |  19.6 |  14.3 |   6.9 |  26.7 | 69620.6
        Depths |   8.9 |   8.7 |  18.4 |  10.3 |  15.4 | 50158.0
           Zot |   9.4 |   9.3 |   8.2 |  20.7 |  17.8 | 46394.2
         Sewer |   1.2 |   1.2 |   0.0 |   0.0 |   0.0 | 413.0
      Ice Cave |   1.6 |   1.6 |   0.0 |   0.0 |   1.0 | 12825.0
       Volcano |   0.3 |   0.4 |   0.0 |   0.0 |   0.5 | 6545.0
        Wizlab |   1.8 |   1.8 |   2.0 |   3.4 |   2.7 | 35699.0
               +-------+-------+-------+-------+-------+----------------------
